Cogmind - Beta 17 @@@ ROGUE MODE // 2026.07.19 @ 17:55:23 Player: Cogchaaaan Result: Escaped! Performance ------------- Evolutions (9) 4500 Regions Visited (27) 5400 Robots Destroyed (654) 3270 Value Destroyed (42193) 42193 Prototype IDs (95) 1900 Alien Tech Used (4) 800 Bonus (51678) 51678 TOTAL SCORE: 109741 Bonus ------- Triggered High Security 1500 High Alert Combat Kills 19644 Follower Combat Kills 3413 Prayed to X0-1V1 5000 Major X0-1V1 Interference 14400 Entered Garrisons 1400 Used RIF Installer 3500 Scanned by Researcher 500 Win 3000 Friendly Fire -679 Cogmind --------- Core Integrity 935/1540 Matter 285/700 Energy 41/900 System Corruption 0% Temperature Cool (0) Movement Core (50) Location To Epsilon Eridani Parts ------- > --- POWER (3) -------- (None) > --- PROPULSION (8) --- Faulty Enhanced Armored Heavy Treads Heavy Shield Leg Advanced Surge Thruster Advanced Surge Thruster > --- UTILITY (9) ------ Advanced Sensor Array Advanced Signal Interpreter Experimental Signal Interpreter Faulty Experimental System Guard > --- WEAPON (5) ------- Chaos Jack > --- INVENTORY (5) ---- Enhanced Nova Cannon Peak State ------------ > --- POWER ------------ Particle Reactor Experimental Antimatter Reactor Experimental Antimatter Reactor > --- PROPULSION ------- Experimental Heavy Siege Treads Experimental Heavy Siege Treads Experimental Heavy Siege Treads > --- UTILITY ---------- Concept Phasing Heat Sink Concept Thermoelectric Network Concept Antigrav Storage Unit Concept Networked Targeting System Concept Core Analysis Suite Experimental Armor Integrity Analyzer Centrium Medium Armor Plating Concept Hardlight Director X0-1V1's Piety Tracker > --- WEAPON ----------- Concept Plasma Driver Concept Plasma Driver Cooled Directed Potential Cannon > --- INVENTORY -------- Experimental Antimatter Reactor Concept Zero-point Core Advanced Heavy Treads Advanced Heavy Treads Concept Chromion Battery Femtoactuators Concept Cloak Mesh Concept Beam Splitter Advanced Force Field Concept Antimissile System Concept Matter Streamer Crosscalibrator Concept Impact Drone Bay Transdimensional Reconstructor Compact HERF Cannon Concept Plasma Driver Concept Miniperforator Gamma Bomb Array Concept Arcsight Missile Launcher Experimental Jetlance [Rating: 300] Favorites ----------- Power Improved Deuterium Engine Engine Improved Deuterium Engine Power Core Neutrino Core Reactor Particle Reactor Propulsion Light Treads Treads Light Treads Leg Heavy Shield Leg Wheel Compact Wheel Flight Unit Advanced Surge Thruster Utility X0-1V1's Piety Tracker Device X0-1V1's Piety Tracker Storage High-capacity Storage Unit Processor Core Analyzer Hackware Relay Coupler [NC] Protection Layered Medium Armor Plating Weapon Gatling Laser Energy Gun Gatling Laser Energy Cannon Concept Plasma Driver Ballistic Gun KE Penetrator Ballistic Cannon Enhanced Hardcell Cannon Launcher Concept Arcsight Missile Launcher Special Weapon Mining Laser Impact Weapon Core Stripper Slashing Weapon Power Sword Piercing Weapon Kinetic Spear Special Melee Weapon Chaos Jack Build | -11 -10 -10 -10 -9 -8 -8 -8 -8 -8 -7 -7 -6 -6 -6 -6 -5 -5 -5 -5 -5 -4 -4 -3 -3 -3 -2 -1 ------- Run | Yrd Mat Min Exi Min Mat Gar Mat Gar Mat Fac Gar Fac Gar Fac Gar Fac Gar Fac Upp Upp Fac Gar Res Qua Frg Res Acc Slots Evolved 18 | . . . . . 4 . . . . 2 . 2 . . . 2 . . . . 2 . 2 . . 2 2 Power 1 | . . . . . . . . . . . . . . . . . . . . . . . . . . 1 . Propulsion 7 | . . . . . 2 . . . . 1 . . . . . . . . . . 1 . 1 . . . 2 Utility 8 | . . . . . 1 . . . . 1 . 2 . . . 2 . . . . . . 1 . . 1 . Weapon 2 | . . . . . 1 . . . . . . . . . . . . . . . 1 . . . . . . Parts Attached 288 | 6 5 . 1 . 10 24 3 14 7 7 13 10 6 1 29 4 14 2 . . 1 21 7 17 51 24 11 Power 42 | 1 1 . . . 2 5 . 1 3 1 2 1 . . 5 . 2 . . . . 4 1 1 6 6 . Engine 18 | 1 1 . . . 1 3 . 1 3 1 2 1 . . 4 . . . . . . . . . . . . Core 11 | . . . . . 1 2 . . . . . . . . 1 . 2 . . . . 3 . 1 . 1 . Reactor 13 | . . . . . . . . . . . . . . . . . . . . . . 1 1 . 6 5 . Propulsion 71 | 2 . . . . 3 7 3 9 3 . 5 1 2 . 8 . 1 . . . 1 6 3 4 5 3 5 Treads 66 | 2 . . . . 3 7 3 9 3 . 4 1 2 . 7 . 1 . . . 1 6 3 4 5 3 2 Leg 1 | . . . . . . . . . . . . . . . . . . . . . . . . . . . 1 Wheel 2 | . . . . . . . . . . . 1 . . . 1 . . . . . . . . . . . . Hover . | . . . . . . . . . . . . . . . . . . . . . . . . . . . . Flight 2 | . . . . . . . . . . . . . . . . . . . . . . . . . . . 2 Utility 95 | 2 1 . . . 2 2 . 2 . 3 3 4 1 . 11 4 3 1 . . . 5 1 9 29 6 6 Device 54 | 2 1 . . . . 2 . 1 . . 2 3 . . 6 1 1 1 . . . 2 1 7 16 6 2 Storage 6 | . . . . . 2 . . . . . . . . . 2 . . . . . . . . . 2 . . Processor 11 | . . . . . . . . 1 . 2 . . . . . 1 . . . . . . . . 4 . 3 Hackware 3 | . . . . . . . . . . . . . . . . . 1 . . . . 1 . . . . 1 Protection 21 | . . . . . . . . . . 1 1 1 1 . 3 2 1 . . . . 2 . 2 7 . . Artifact . | . . . . . . . . . . . . . . . . . . . . . . . . . . . . Weapon 80 | 1 3 . 1 . 3 10 . 2 1 3 3 4 3 1 5 . 8 1 . . . 6 2 3 11 9 . Energy Gun 11 | . . . . . . . . . . . . 2 1 1 1 . 3 . . . . . . . . 3 . Energy Cannon 14 | . . . . . . 1 . . . . . . . . 1 . . 1 . . . 1 1 2 6 1 . Ballistic Gun 34 | 1 1 . . . 3 8 . 2 1 2 2 2 . . 2 . 5 . . . . 4 1 . . . . Ballistic Cannon 5 | . . . . . . . . . . 1 . . . . . . . . . . . . . . 2 2 . Launcher 8 | . . . . . . 1 . . . . 1 . 1 . 1 . . . . . . . . . 2 2 . Special Weapon 3 | . 2 . . . . . . . . . . . . . . . . . . . . 1 . . . . . Impact Weapon 1 | . . . . . . . . . . . . . . . . . . . . . . . . 1 . . . Slashing Weapon 1 | . . . . . . . . . . . . . 1 . . . . . . . . . . . . . . Piercing Weapon 3 | . . . 1 . . . . . . . . . . . . . . . . . . . . . 1 1 . Special Melee Weapon . | . . . . . . . . . . . . . . . . . . . . . . . . . . . . Unidentified Prototypes 37 | . 1 . . . . . . . . . . . . . . . . . . . . . . 9 24 . 3 Corrupted Parts 4 | . . . . . . . . . . . . . . . . . . . . . . . . . 3 1 . System Corruption 28 | . . . . . . . . . . . . . . . . . . . . . . . . . 22 6 . Parts Lost 146 | . . . . . 1 15 . 9 3 . 11 5 2 . 19 . 5 . . . 1 6 2 3 24 36 4 Power 27 | . . . . . . 6 . 1 1 . 1 . . . 4 . 1 . . . 1 1 1 . 3 7 . Propulsion 39 | . . . . . . 5 . 4 1 . 6 1 2 . 5 . 1 . . . . 3 . . 5 5 1 Utility 38 | . . . . . . . . 1 . . 2 1 . . 6 . 2 . . . . 2 . 1 11 10 2 Weapon 42 | . . . . . 1 4 . 3 1 . 2 3 . . 4 . 1 . . . . . 1 2 5 14 1 Highest Loss Streak 12 | . . . . . 1 5 . 5 1 . 5 3 2 . 9 . 2 . . . 1 5 1 2 3 12 2 To Critical Strikes 2 | . . . . . . . . . . . . . . . . . . . . . . . . . 1 . 1 Average Backups 18 | 3 4 5 5 5 12 19 19 19 19 19 17 17 19 19 19 21 21 23 22 21 20 20 20 19 22 17 . Power 1 | . . . . . . 1 1 1 1 1 1 . 1 1 1 1 1 2 2 1 2 2 2 1 2 . . Propulsion 2 | . . . . . . 3 4 4 4 4 1 1 1 2 2 5 4 3 3 2 2 2 2 2 . 1 . Utility 8 | . 1 2 2 2 5 8 8 8 8 9 11 10 9 9 7 7 8 7 8 8 8 6 6 6 11 8 . Weapon 5 | 2 2 3 3 3 5 5 6 4 4 3 3 4 5 7 8 7 7 8 8 7 7 7 7 7 6 5 . Tool/Special . | . . . . . . . . . . . . . . . . . . . . . . . . . . . . Unused Backups 66 | . 2 . . . 1 7 . 4 4 . . 1 2 1 4 . 4 3 . 1 . 4 5 4 17 1 1 Power 10 | . . . . . . . . . . . . . . . 1 . 1 1 . . . 2 . . 5 . . Propulsion 8 | . . . . . . 1 . 2 1 . . . . . 1 . . 1 . . . 1 1 . . . . Utility 22 | . 1 . . . . 2 . 1 1 . . 1 . 1 . . . . . . . 1 2 1 10 1 . Weapon 24 | . 1 . . . 1 4 . 1 2 . . . 1 . 2 . 3 1 . 1 . . 1 3 2 . 1 Tool/Special 2 | . . . . . . . . . . . . . 1 . . . . . . . . . 1 . . . . Average Slot Usage (%) 85 | . 68 100 100 100 90 89 90 91 89 97 94 98 99 100 90 83 85 88 88 88 85 90 84 77 71 75 21 Engine 5 | . 3 14 14 14 9 7 9 12 8 12 10 12 13 13 11 11 7 . . . . . . . . . . Core 2 | . . . . . 7 4 . . . . . . . . . . . 11 11 11 10 7 6 4 . . . Reactor 2 | . . . . . . . . . . . . . . . . . . . . . . 1 2 4 8 10 . Treads 19 | . 28 28 28 28 27 25 36 33 26 28 26 23 22 20 14 11 11 11 11 11 15 17 18 14 13 11 4 Device 15 | . 17 28 28 28 10 8 9 8 9 7 6 17 16 20 17 18 18 18 23 23 21 19 13 13 17 20 2 Storage 5 | . . . . . 8 8 9 9 9 7 7 6 6 6 7 5 5 5 5 5 5 5 4 4 4 5 . Processor 5 | . . . . . . . . . 9 7 7 6 6 6 6 11 11 11 11 11 10 10 9 8 5 7 4 Protection 3 | . . . . . . . . . . 6 6 5 6 6 5 5 9 8 5 5 5 5 4 3 3 2 . Energy Gun 2 | . . . . . . . . . . . . 8 13 18 4 5 4 8 10 11 15 3 . . . . . Energy Cannon 3 | . . . . . . . . . . . . . . . . . . 3 2 4 1 . 3 4 11 9 . Ballistic Gun 13 | . 15 28 25 28 26 30 27 26 26 25 23 11 4 . 11 5 11 . . . . 16 19 16 . . . Peak Build Rating 300 | 7 19 19 22 19 33 48 41 45 44 52 52 66 80 77 92 102 106 103 109 110 114 129 152 194 278 300 101 Average Rating 109 | 3 7 19 19 19 27 37 41 41 41 49 49 60 72 75 78 96 102 100 104 106 107 122 141 161 210 264 60 On Entrance 74 | . 4 19 19 19 19 33 41 41 44 39 52 52 66 77 76 89 101 102 102 106 104 108 128 150 189 274 30 Avg Prop Armor Cover (%) 19 | 28 29 . . . . . . . . . 12 15 15 14 10 . . . 10 . . 4 . . . 32 44 Naked Turns 14 | . . . . . . . . . . . . . . . . . . . . . . . . . . 14 . Heaviest Build 184 | 5 11 11 11 11 61 71 65 72 66 81 81 91 95 92 126 132 134 141 143 143 147 158 169 183 184 181 8 Greatest Support 306 | 40 40 40 40 40 86 86 86 96 66 86 96 96 116 22 156 156 156 156 156 156 176 176 221 256 306 306 41 Greatest Overweight (x) 4 | 1 . . . . . 2 . 1 1 . 3 3 4 4 4 . . . 1 . . 1 . . 1 1 . Average Overweight (x) . | . . . . . . . . . . . 1 1 2 4 1 . . . . . . . . . . . . Largest Inventory Capacity 25 | 5 5 5 5 5 20 20 20 20 20 20 20 20 20 20 25 25 25 25 25 25 25 25 25 25 25 25 5 Average Capacity 21 | 5 5 5 5 5 18 20 20 20 20 20 20 20 20 20 20 25 25 25 25 25 25 25 25 25 25 24 5 Most Carried 25 | 5 5 5 5 5 20 20 20 20 20 20 20 20 20 20 25 25 25 25 25 25 23 25 25 25 25 25 1 Average Carried 19 | 3 4 5 4 5 12 19 19 19 19 19 17 17 19 19 19 24 24 24 24 23 22 23 24 24 23 19 . Final Capacity 25 | 5 5 5 5 5 20 20 20 20 20 20 20 20 20 20 25 25 25 25 25 25 25 25 25 25 25 25 5 Final Carried 25 | 5 5 5 5 5 20 19 20 20 20 20 20 17 20 20 25 25 25 25 24 24 22 25 24 25 24 22 1 Transmogrified Parts 1 | . . . . . . 1 . . . . . . . . . . . . . . . . . . . . . Integrity Recovered 32 | . . . . . . 32 . . . . . . . . . . . . . . . . . . . . . Class Distribution -------------------- 35% | Scavenger-Gunner 22% | Scavenger-Tank 14% | Scavenger-Mutant 11% | Mutant 6% | Tank 4% | Gunner Dominant Class ---------------- Mutant | -10/Materials Mutant | -10/Mines Mutant | -10/Exiles Mutant | -9/Mines Scavenger-Gunner | -8/Materials Scavenger-Gunner | -8/Garrison Scavenger-Gunner | -8/Materials Scavenger-Gunner | -8/Garrison Scavenger-Gunner | -8/Materials Scavenger-Gunner | -7/Factory Scavenger-Gunner | -7/Garrison Scavenger-Gunner | -6/Factory Scavenger-Gunner | -6/Garrison Commander-Gunner | -6/Factory Scavenger-Gunner | -6/Garrison Scavenger-Mutant | -5/Factory Scavenger-Tank | -5/Garrison Scavenger-Mutant | -5/Factory Scavenger-Mutant | -5/Upper Caves Scavenger-Tank | -5/Upper Caves Scavenger-Tank | -4/Factory Scavenger-Tank | -4/Garrison Scavenger-Tank | -3/Research Scavenger-Tank | -3/Quarantine Scavenger-Mutant | -3/Protoforge Tank | -2/Research Mutant | -1/Access Resources | -11 -10 -10 -10 -9 -8 -8 -8 -8 -8 -7 -7 -6 -6 -6 -6 -5 -5 -5 -5 -5 -4 -4 -3 -3 -3 -2 -1 ----------- Run | Yrd Mat Min Exi Min Mat Gar Mat Gar Mat Fac Gar Fac Gar Fac Gar Fac Gar Fac Upp Upp Fac Gar Res Qua Frg Res Acc Matter Collected 23050 | 275 111 28 473 . 519 1496 225 1066 445 197 1333 530 78 243 2493 . 1426 269 8 62 . 1584 938 1266 3729 4171 85 Remotely 7477 | . . . . . . . . . . . . . . . 977 . 647 171 . . . 128 140 1069 454 3891 . Salvage Created 37169 | 53 131 28 133 . 748 1728 380 1307 934 189 1397 651 210 249 2333 . 2624 85 202 62 58 2008 724 1925 9248 9560 202 Parts 1513 | 10 21 3 . . 29 85 17 81 41 9 59 27 10 11 88 . 92 4 6 3 . 87 46 74 389 306 15 Haulers Intercepted 6 | . . . . . 1 . 2 . . . . . . . . . . . 1 . . . . . . 1 1 Recyclers Shooed 3 | 1 . . . . . . 1 . . . . 1 . . . . . . . . . . . . . . . Parts Field Recycled . | . . . . . . . . . . . . . . . . . . . . . . . . . . . . Retrieved Matter . | . . . . . . . . . . . . . . . . . . . . . . . . . . . . Parts Self-Destructed 5 | . . . . . . . . . . . . . . . . . . . 2 3 . . . . . . . Prevented . | . . . . . . . . . . . . . . . . . . . . . . . . . . . . Parts Restored 2 | . . . . . . . . . . . . . . . . . . . . . . . . . 2 . . Faulty 2 | . . . . . . . . . . . . . . . . . . . . . . . . . 2 . . Kills | -11 -10 -10 -10 -9 -8 -8 -8 -8 -8 -7 -7 -6 -6 -6 -6 -5 -5 -5 -5 -5 -4 -4 -3 -3 -3 -2 -1 ------- Run | Yrd Mat Min Exi Min Mat Gar Mat Gar Mat Fac Gar Fac Gar Fac Gar Fac Gar Fac Upp Upp Fac Gar Res Qua Frg Res Acc Combat Hostiles Destroyed 586 | . 6 1 . . 10 41 1 26 15 3 30 11 4 6 24 . 37 1 5 1 1 25 7 17 130 180 4 Melee 3 | . . . . . . 2 . . . . . . . . 1 . . . . . . . . . . . . Guns 221 | . 6 1 . . 10 34 1 25 15 3 24 11 4 6 14 . 31 1 . 1 1 14 5 13 . 1 . Cannons 125 | . . . . . . 1 . . . . . . . . 2 . . . . . . 1 2 2 42 75 . AOE 156 | . . . . . . 4 . 1 . . 6 . . . 6 . 5 . 5 . . 6 . . 32 87 4 Classes Destroyed 29 | 1 1 . . . 5 6 2 1 3 . . . . . 1 . . . . . . . . 1 5 3 . Worker 4 | . . . . . . . . . . . . . . . . . . . . . . . . . 2 2 . Builder 9 | . . . . . . . . . 1 . . 1 . . . . . . . . . . 3 . . 4 . Tunneler 6 | 3 1 . . . . . . . 1 . . . . . . . . . . . . . . . . 1 . Hauler 6 | . . . . . 1 . 2 . . . . . . . . . . . 1 . . . . . . 1 1 Recycler 8 | . . . . . 3 . 2 . 2 . . . . . . . . . . . . . 1 . . . . Carrier 3 | . . . . . . . . . . . . . . . . . . . . . . . . . . 3 . Mechanic 15 | . . . . . . . . . 1 . . . . 1 . . . . . . . . . . . 13 . Operator 4 | . . . . . . . 1 . 1 . . . . . . . . . . . . . . 1 1 . . Drone 6 | . . . . . . 1 . . . . . . . . . . . . . . . . 1 . 4 . . Watcher 12 | . . . . . . . 2 . 1 . . 1 . . . . . . . . . . . 1 1 6 . Swarmer 40 | . 6 1 . . 1 8 . 3 5 . . . . 3 1 . 5 . . . . . . 1 . 6 . Cutter 6 | . . . . . . . . . . . . . . . 2 . . . . . . . . . . . 4 Saboteur 10 | . . . . . . . . . . . . . . . . . . . . . . . . . 2 8 . Grunt 213 | . . . . . 3 18 1 11 4 . 23 6 . . 10 . 17 . 5 . . 11 1 9 25 69 . Brawler 22 | . . . . . 1 1 . . . . . . . . . . 2 . . . . . . . 5 13 . Duelist 26 | . . . . . . . . . 2 . 2 . . . 1 . 1 . . . . . . . 4 16 . Protector 13 | . . . . . . 1 . . . . . . . . . . . . . . . . . . 3 9 . Researcher 4 | . . . . . . . . . . . . . . . . . . . . . . . . . 4 . . Sentry 69 | . . . . . 5 6 . 7 4 3 . 1 . 2 3 . 9 1 . 1 1 3 2 . 12 9 . Demolisher 4 | . . . . . . 1 . . . . . . . . . . . . . . . . . . . 3 . Specialist 6 | . . . . . . 2 . . . . 3 . . . 1 . . . . . . . . . . . . Hunter 52 | . . . . . . 3 . 2 . . 2 2 . . 6 . 1 . . . . 5 . 4 13 14 . Programmer 69 | . . . . . . . . 3 . . . 2 4 1 1 . 1 . . . . 3 3 4 24 23 . Behemoth 2 | . . . . . . 1 . . . . . . . . . . . . . . . . . . . 1 . Hotshot 18 | . . . . . . . . . . . . . . . . . . . . . . . . . 18 . . Decapitator 11 | . . . . . . . . . . . . . . . . . . . . . . . . . 11 . . Immortal 2 | . . . . . . . . . . . . . . . . . . . . . . . . . 2 . . Investigator 2 | . . . . . . . . . . . . . . . . . . . . . . . . . . 2 . Striker 7 | . . . . . . . . . . . . . . . . . . . . . . . . . . 7 . Executioner 2 | . . . . . . . . . . . . . . . . . . . . . . . . . . 2 . Alpha 7 2 | . . . . . . . . . . . . . . . . . . . . . . . . . 2 . . Fortress 1 | . . . . . . . . . . . . . . . . . . . . . . . . 1 . . . V-Series 3 | . . . . . . . . . . . . . . . . . . . . . . . . . 3 . . Thug 6 | . . . . . . . . . . . . . . . . . 1 . . . . 3 . . 2 . . Savage 1 | . . . . . . . . 1 . . . . . . . . . . . . . . . . . . . Guerrilla 1 | . . . . . . . . . . . . . . . . . . . . . . . . . . 1 . Best Kill Streak 55 | 1 3 1 . . 5 6 4 4 8 1 5 7 4 2 9 . 7 1 6 1 1 8 4 4 14 55 4 Combat Bots Only 48 | . 3 1 . . 4 6 1 4 8 1 5 6 4 2 9 . 7 1 5 1 1 8 2 4 14 48 4 Max Kills in Single Turn 5 | 1 1 1 . . 1 1 1 2 2 1 3 2 2 2 3 . 3 1 2 1 1 3 3 1 5 5 3 Gunslinging 1 | . . . . . . . . 1 1 . 1 . 1 1 1 . . . . . . 1 1 . . . . Exploded 5 | . . . . . . 1 . 1 . . 3 . . . 3 . 3 . 2 . . 3 . . 5 4 3 Melee 1 | . . . . . . 1 . . . . . . . . 1 . . . . . . . . . . . . Uniques/NPCs Destroyed . | . . . . . . . . . . . . . . . . . . . . . . . . . . . . Combat | -11 -10 -10 -10 -9 -8 -8 -8 -8 -8 -7 -7 -6 -6 -6 -6 -5 -5 -5 -5 -5 -4 -4 -3 -3 -3 -2 -1 -------- Run | Yrd Mat Min Exi Min Mat Gar Mat Gar Mat Fac Gar Fac Gar Fac Gar Fac Gar Fac Upp Upp Fac Gar Res Qua Frg Res Acc Hostile Shots Fired 3349 | . 16 17 . . 49 197 14 129 52 78 117 66 28 39 338 . 144 1 10 4 12 217 37 108 632 940 104 Missed 839 | . 2 7 . . 15 50 3 35 14 32 24 21 6 18 109 . 41 1 6 . 5 54 4 26 125 197 44 Intercepted 1 | . . . . . . . . . . . . . . . . . . . . . . . . . . 1 . Hits 2510 | . 14 10 . . 34 147 11 94 38 46 93 45 22 21 229 . 103 . 4 4 7 163 33 82 507 743 60 Melee 82 | . . . . . . . . . 2 . 3 . . 1 7 . . . . . . . 13 . 20 28 8 Projectile 2428 | . 14 10 . . 34 147 11 94 36 46 90 45 22 20 222 . 103 . 4 4 7 163 20 82 487 715 52 AOE 16 | . . . . . 1 2 . . . . . . . . 3 . . . . . . . . . 7 2 1 Critical Strikes 145 | . . . . . 2 6 1 3 1 . 6 3 1 1 5 . 3 . . 1 . 11 1 4 42 43 11 Part Disruptions 3 | . . . . . . . . . . . . . . . 1 . . . . . . . . . 1 1 . Damage Taken 43913 | . 104 130 . . 518 2365 180 1316 596 357 1590 814 438 319 3132 . 2224 . 47 68 117 2477 682 1854 10435 12441 1709 Core 4386 | . 6 . . . 42 244 27 122 28 49 172 55 15 22 264 . 82 . . 18 17 144 23 32 583 1836 605 Absorbed by Shields 6364 | . . . . . . 4 . . . . . . . . . . . . 17 24 42 495 . 58 1094 4630 . Reduced by Siege Mode 3250 | . . . . . . . . . . . . . . . . . 247 . . . . 127 2 28 645 2201 . Redirected to Shielding 143 | . . . . . . . . . . . . . . . . . . . . . . . . . 143 . . Ignored by Resistances 5302 | . . 4 . . . 28 . . . . . . . . . . . . . . . . . . 2166 3020 84 Regen/Repaired (Parts) 219 | . . . . . . . . . . . . . . . . . . 219 . . . . . . . . . Core Remaining (%) 73 | 100 . . . 98 . . . . 52 . 89 . . . 74 . . . . 89 . 85 . . 68 21 60 Volleys Fired 1594 | 25 15 9 2 . 36 98 20 86 33 11 89 31 10 13 72 . 83 9 14 2 3 72 51 46 513 251 . Largest 5 | 1 2 2 2 . 3 4 3 3 3 4 4 4 3 3 3 . 3 2 1 3 3 5 5 5 2 3 . Hottest 420 | 20 100 40 40 . 68 131 88 90 90 109 109 230 195 240 240 . 143 160 90 250 240 275 239 247 280 420 . Shots Fired 2999 | 25 24 18 4 . 108 326 60 217 100 34 193 82 27 37 159 . 226 10 14 6 7 194 100 139 493 396 . Gun 1932 | 25 18 18 4 . 108 308 60 214 100 32 182 75 26 37 146 . 221 2 . 4 6 165 53 113 . 15 . Cannon 897 | . . . . . . 8 . . . 2 . 7 . . 6 . 3 8 10 2 1 21 47 25 458 299 . Launcher 163 | . . . . . . 10 . 3 . . 11 . 1 . 7 . 2 . 4 . . 7 . 1 35 82 . Special 7 | . 6 . . . . . . . . . . . . . . . . . . . . 1 . . . . . Kinetic 1792 | 25 18 18 4 . 108 308 60 214 100 34 182 59 8 . 112 . 174 . . . . 143 53 113 5 54 . Thermal 831 | . 6 . . . . 8 . . . . . 23 18 37 34 . 47 10 10 6 7 29 47 18 276 255 . Explosive 121 | . . . . . . 10 . 3 . . 11 . 1 . 5 . 2 . 4 . . 4 . . 20 61 . Electromagnetic 254 | . . . . . . . . . . . . . . . 8 . 3 . . . . 17 . 8 192 26 . Robot Hit Streak 51 | 9 4 4 1 . 12 18 6 30 16 17 11 12 5 8 11 . 43 29 4 17 31 30 26 17 39 51 . Robot Miss Streak 8 | 2 1 8 3 . 3 6 3 6 5 2 5 6 6 5 5 . 1 1 . . 1 4 6 3 5 4 . Penetration Max 2 | . . . . . . 1 1 1 2 . 1 2 . . 1 . 1 . . . . 1 1 2 1 1 . Secondary Targets 55 | . . . . . 1 6 . 8 3 . 6 1 1 1 6 . 11 . . . . 4 1 6 . . . Max Gunslinging Chain 2 | . . . . . 1 1 . 2 1 . 1 1 1 1 1 . 1 . . . . 1 1 1 . . . Capacitor 406 | . . . . . . . . . . . . . . . . . . . . . . . . 1 403 2 . Shots Hit Robots 2040 | 18 11 6 10 . 79 205 32 145 66 23 109 56 21 27 156 . 198 1 3 5 5 149 35 83 331 253 13 Core Hits 1557 | 4 7 2 4 . 27 90 14 58 33 15 97 48 14 23 95 . 125 2 10 4 5 92 24 52 251 456 5 Critical Kills 44 | . . 1 . . . 1 1 3 1 1 . . . . . . 3 . . . . . 1 2 10 20 . Critical Parts Destroyed 29 | . . . . . 1 . 2 2 1 . . 3 . . . . 1 . . . . 2 . 3 4 10 . Critical Strikes 88 | . . 1 . . 1 1 3 5 2 1 . 3 1 . 5 . 5 . . . . 2 1 5 19 33 . Meltdown 18 | . . . . . . . . . . . . . . . . . . . . . . . 1 . 7 10 . Destroy 56 | . . 1 . . 1 1 3 5 2 1 . 3 . . . . 5 . . . . 2 . 5 7 20 . Blast 2 | . . . . . . . . . . . . . . . . . . . . . . . . . . 2 . Corrupt 4 | . . . . . . . . . . . . . . . . . . . . . . . . . 4 . . Sever 6 | . . . . . . . . . . . . . 1 . 5 . . . . . . . . . . . . Impale 2 | . . . . . . . . . . . . . . . . . . . . . . . . . 1 1 . Melee Attacks 158 | . . . 9 . . 12 . . . . . . 11 4 75 . 18 . . . . . . 2 10 2 15 Kinetic 2 | . . . . . . . . . . . . . . . . . . . . . . . . 2 . . . Impact . | . . . . . . . . . . . . . . . . . . . . . . . . . . . . Slashing 108 | . . . . . . . . . . . . . 11 4 75 . 18 . . . . . . . . . . Piercing 48 | . . . 9 . . 12 . . . . . . . . . . . . . . . . . . 10 2 15 Sneak Attacks 6 | . . . . . . 1 . . . . . . 2 . 1 . . . . . . . . . 1 . 1 Combat Hostiles 1 | . . . . . . 1 . . . . . . . . . . . . . . . . . . . . . Follow-up Attacks . | . . . . . . . . . . . . . . . . . . . . . . . . . . . . Damage Inflicted 119296 | 220 143 76 551 . 1079 4025 723 3054 1595 463 2795 1612 992 589 8161 . 6221 23 1052 152 154 4787 1174 2718 23040 53817 80 Guns 28922 | 220 138 76 38 . 1079 3127 723 2805 1578 463 2027 1519 528 589 2379 . 4809 23 . 119 154 3171 838 2146 . 373 . Cannons 30084 | . . . . . . 216 . . . . . . . . 269 . 128 . . 33 . 431 336 342 13955 14374 . Explosions 54114 | . . . . . . 598 . 249 . . 768 93 . . 1668 . 677 . 1052 . . 1185 . 203 8657 38964 . Melee 6145 | . . . 513 . . 84 . . . . . . 464 . 3845 . 607 . . . . . . 27 421 104 80 Ramming 31 | . 5 . . . . . . . 17 . . . . . . . . . . . . . . . 7 2 . Kinetic 25441 | 220 138 76 38 . 1079 3127 723 2805 1578 463 2027 946 164 . 1731 . 3497 . . . . 2575 838 2173 60 1183 . Thermal 27738 | . . . . . . 216 . . . . . 573 364 589 648 . 1312 23 . 152 154 596 336 117 8095 14563 . Explosive 47153 | . . . . . . 598 . 249 . . 768 93 . . 1210 . 677 . 1052 . . 947 . . 6203 35356 . Electromagnetic 12815 | . . . . . . . . . . . . . . . 727 . 128 . . . . 669 . 428 8254 2609 . Impact . | . . . . . . . . . . . . . . . . . . . . . . . . . . . . Slashing 4916 | . . . . . . . . . . . . . 464 . 3845 . 607 . . . . . . . . . . Piercing 1202 | . . . 513 . . 84 . . . . . . . . . . . . . . . . . . 421 104 80 Highest Corruption 71 | . . . . . . 12 . 1 1 . . 5 51 51 71 . 8 . . . . 17 . 4 48 26 . Average Corruption 25 | . . . . . . 7 . 1 1 . . 3 31 51 58 . 8 . . . . 8 . 3 31 4 . Corruption Purged . | . . . . . . . . . . . . . . . . . . . . . . . . . . . . Corruption Blocked 4 | . . . . . . . . . . . . . . . . . . . . . . . . . 4 . . Effects 557 | . . . . . . 13 . 7 4 . . 7 61 44 118 . 2 . . . . 44 . 19 200 38 . Message Errors 123 | . . . . . . 3 . 4 . . . 3 15 9 29 . . . . . . 12 . 3 38 7 . Matter Fused 118 | . . . . . . . . 1 1 . . . 12 8 28 . 1 . . . . 10 . 5 43 9 . Heat Flow Errors 67 | . . . . . . 2 . 1 1 . . 2 7 9 11 . . . . . . 4 . . 26 4 . Energy Discharges 46 | . . . . . . 3 . . . . . . 7 1 8 . 1 . . . . 4 . 6 16 . . Parts Rejected 6 | . . . . . . . . . . . . . . . 1 . . . . . . . . . 4 1 . Parts Fused 5 | . . . . . . . . . . . . . 2 . 1 . . . . . . . . 1 1 . . Data Loss (minor) 67 | . . . . . . 2 . 1 1 . . . 10 5 14 . . . . . . 8 . 1 20 5 . Data Loss (major) 20 | . . . . . . 1 . . . . . . 2 2 4 . . . . . . 1 . 1 8 1 . Misfires 21 | . . . . . . . . . 1 . . . 3 4 5 . . . . . . . . 1 4 3 . Alerts 8 | . . . . . . . . . . . . 1 2 . 2 . . . . . . 1 . . 2 . . Misdirections 8 | . . . . . . . . . . . . . . . . . . . . . . . . . 7 1 . Weapon Failures 68 | . . . . . . 2 . . . . . 1 1 6 15 . . . . . . 4 . 1 31 7 . Overload Shots . | . . . . . . . . . . . . . . . . . . . . . . . . . . . . Overflow Damage 3029 | . . . 31 . . 2 . 3 . . 18 41 42 . 103 . 76 . 93 . . 26 21 . 590 1983 . Projectiles 1327 | . . . . . . . . . . . . . . . . . 6 . . . . . 21 . 459 841 . Explosions 1487 | . . . . . . 2 . 3 . . 18 41 . . 6 . 25 . 93 . . 26 . . 131 1142 . Melee 215 | . . . 31 . . . . . . . . . 42 . 97 . 45 . . . . . . . . . . Knockbacks 7 | . . . . . . . . . . . . . . . . . . . . . . . . . . 7 . Impact . | . . . . . . . . . . . . . . . . . . . . . . . . . . . . Kinetic 7 | . . . . . . . . . . . . . . . . . . . . . . . . . . 7 . Secondary . | . . . . . . . . . . . . . . . . . . . . . . . . . . . . Self-Inflicted Damage 2321 | . . . . . . . . . . . 60 71 54 . 96 . 29 . . . . 25 . 43 640 1303 . Shots 61 | . . . . . . . . . . . 2 1 1 . 8 . 1 . . . . 3 . 4 27 14 . Rammed 8 | . 2 . . . . . . . 3 . . . . . . . . . . . . . . . 2 1 . Targets Rammed 8 | . 2 . . . . . . . 3 . . . . . . . . . . . . . . . 2 1 . Kicked . | . . . . . . . . . . . . . . . . . . . . . . . . . . . . Crushed . | . . . . . . . . . . . . . . . . . . . . . . . . . . . . Highest Temperature 500 | . 20 . . . 171 289 111 500 243 161 233 273 254 299 205 . 45 21 . 60 36 207 224 182 416 226 . Average Temperature 83 | . 10 . . . 41 75 36 129 45 58 65 81 131 87 67 . 21 4 . 38 22 52 44 56 92 127 . Received Heat Transfer 7643 | . . . . . 249 978 99 534 144 90 639 169 . 33 594 . 648 . 6 12 24 355 66 298 1717 934 54 Thermoelectric Energy+ 4340 | . . . . . . . . . . . . . . . . . . . . . . . . . . 4340 . Effects 15 | . . . . . . 3 . 9 . . . . . . . . . . . . . . . . 3 . . Shutdowns 7 | . . . . . . . . 6 . . . . . . . . . . . . . . . . 1 . . Interference 6 | . . . . . . 3 . 2 . . . . . . . . . . . . . . . . 1 . . Damage (minor) 2 | . . . . . . . . 1 . . . . . . . . . . . . . . . . 1 . . Siege Activations 79 | . . . . . . . . . . . . . . . . . 12 . . 1 . 9 1 5 34 17 . Total Turns 1347 | . . . . . . . . . . . . . . . . . 252 . . 3 . 84 8 25 484 491 . Longest Duration 152 | . . . . . . . . . . . . . . . . . 52 . . 3 . 15 8 12 152 85 . Martial Activations . | . . . . . . . . . . . . . . . . . . . . . . . . . . . . Shielding Activations . | . . . . . . . . . . . . . . . . . . . . . . . . . . . . Robots Disrupted 4 | . . . . . . . . . . . . . . . . . . . . . . 2 . . 2 . . Combat Hostiles 4 | . . . . . . . . . . . . . . . . . . . . . . 2 . . 2 . . Robots Corrupted 65 | . . . . . . . . . . . . . . . 2 . 1 . . . . 4 . 2 47 9 . Combat Hostiles 63 | . . . . . . . . . . . . . . . 1 . 1 . . . . 4 . 1 47 9 . Parts Fried 124 | . . . . . . . . . . . . . . . 6 . . . . . . 4 . 5 90 19 . Impact Corruptions . | . . . . . . . . . . . . . . . . . . . . . . . . . . . . Robots Melted 19 | . . . . . . . . . . . . . . . . . . . . . . 1 1 . 7 10 . Combat Hostiles 15 | . . . . . . . . . . . . . . . . . . . . . . . . . 7 8 . Parts Melted 65 | . . . . . . 1 . 1 . . . 4 4 3 4 . 6 . . 1 1 3 1 . 19 17 . Heat Transferred 24395 | . . . . . . 296 . . . . . 1250 700 1325 1290 . 2920 50 . 312 350 1182 333 111 5950 8326 . Parts Sabotaged . | . . . . . . . . . . . . . . . . . . . . . . . . . . . . Parts Stolen 2 | . . . . . . . . . . . . . . . . . . . . . . . 2 . . . . Parts Stripped 18 | . . . . . . . . . . . . . . . . . . . . . . . . 18 . . . Power Chain Reactions 11 | . . . . . . . . . . . . . . . . . . . . . . . . . 1 10 . Alert | -11 -10 -10 -10 -9 -8 -8 -8 -8 -8 -7 -7 -6 -6 -6 -6 -5 -5 -5 -5 -5 -4 -4 -3 -3 -3 -2 -1 ------- Run | Yrd Mat Min Exi Min Mat Gar Mat Gar Mat Fac Gar Fac Gar Fac Gar Fac Gar Fac Upp Upp Fac Gar Res Qua Frg Res Acc Maximum Alert Level 5 | . . . . . . 4 3 4 3 1 3 2 3 2 4 2 4 3 . . . 2 2 1 5 5 5 Low Security (%) 10 | 100 100 100 . 100 100 15 . . . . 1 . . . . . . . . . 100 18 . . 7 . . Level 1 12 | . . . . . . 15 . . . 100 21 . . . 7 . . . . . . 36 39 100 3 . . Level 2 26 | . . . . . . 21 . 12 41 . 18 100 49 100 8 100 17 83 . . . 45 60 . 26 . . Level 3 26 | . . . . . . 19 100 50 58 . 59 . 50 . 59 . 46 16 . . . . . . 21 15 . Level 4 14 | . . . . . . 28 . 37 . . . . . . 25 . 36 . . . . . . . 23 20 . Level 5 2 | . . . . . . . . . . . . . . . . . . . . . . . . . 8 1 37 High Security 6 | . . . . . . . . . . . . . . . . . . . . . . . . . 8 62 62 Max Security . | . . . . . . . . . . . . . . . . . . . . . . . . . . . . Peak Influence 5305 | 5 135 40 . . 167 1483 865 1473 950 392 1082 671 965 580 1274 668 1440 756 . . 28 685 521 379 1950 5305 3249 Initial 3094 | . 3 1 . . . 81 722 533 717 392 182 567 458 506 383 668 418 756 . . 28 9 384 280 150 1100 3094 Average 889 | . 46 11 . . 87 752 793 1050 773 327 723 596 703 509 906 633 1004 589 . . 17 410 423 321 955 2765 3160 Influence Increases 19693 | 15 210 50 5 . 562 1572 239 1070 652 91 1030 416 527 360 1261 . 1192 51 91 15 25 756 667 530 2960 5024 322 Destroy 0b10 Robot/C 10890 | . 120 20 . . 340 960 100 560 300 60 660 220 80 135 600 . 615 15 75 15 15 375 285 315 1905 2955 165 Destroy 0b10 Robot/NC 504 | 15 5 . 5 . 30 10 35 5 35 . 10 10 . 4 44 . 12 . 4 . . 12 44 8 52 156 8 Destroy Leader 1444 | . 20 . . . 104 20 28 40 82 30 30 62 . 40 48 . 40 8 . . 8 40 78 42 210 486 28 Allied During Kill 1169 | . . . . . 35 72 23 26 . . 10 . . 141 270 . 67 6 . . . . 151 55 . 267 46 Successful Hack 128 | . . . . . 8 . 2 30 . . . . 14 . 7 . 28 6 . . . . 11 . 22 . . Disable Machine 726 | . 15 . . . . . 45 . 30 . 30 90 . 24 12 . 36 . . . . 36 12 72 264 48 12 Anti-Garrison Action 2028 | . . . . . . 450 . 300 . . 200 . 400 . 226 . 188 . . . . 151 . . . 113 . Destroy Structure 1872 | . 5 . . . . . 6 49 14 1 90 34 33 4 54 . 158 16 . . 2 130 86 26 210 951 3 Partial Spotted 15 | . . . . . 15 . . . . . . . . . . . . . . . . . . . . . . Lose Combat Pursuer 540 | . 45 30 . . 30 60 . 60 15 . . . . 12 . . 48 . 12 . . 12 . 12 96 48 60 Miscellaneous 377 | . . . . . . . . . 176 . . . . . . . . . . . . . . . 201 . . Influence Decreases 16471 | 10 210 55 5 . 436 215 901 418 1262 693 209 843 217 777 535 676 350 1070 337 144 58 84 853 761 1278 1820 2254 Entered New Map 8981 | . 2 4 . . . 45 761 288 756 471 79 515 197 459 165 606 180 684 157 34 18 4 301 219 118 854 2064 Time Decay 4592 | 10 208 51 5 . 328 . 140 . 326 222 . 278 . 318 . 70 . 326 180 110 30 . 452 392 770 326 50 Lost Part 1460 | . . . . . 10 150 . 90 30 . 110 50 20 . 190 . 50 . . . 10 60 20 30 240 360 40 Lost Ally 1138 | . . . . . 98 20 . 40 . . 20 . . . 180 . 120 60 . . . 20 80 120 . 280 100 Purge Threat 300 | . . . . . . . . . 150 . . . . . . . . . . . . . . . 150 . . Squads Dispatched 131 | . 1 . . . 5 . 2 . 2 . . 5 . 2 . . . 4 . . 1 . 7 4 34 59 5 Investigation 5 | . . . . . 2 . . . . . . 1 . 1 . . . 1 . . . . . . . . . Extermination 13 | . . . . . . . . . . . . 2 . . . . . 1 . . . . 2 2 6 . . Reinforcement 13 | . 1 . . . 1 . 1 . . . . 1 . 1 . . . . . . . . 2 2 2 1 1 Assault 84 | . . . . . . . . . 2 . . . . . . . . 2 . . . . . . 26 50 4 Garrison 16 | . . . . . 2 . 1 . . . . 1 . . . . . . . . 1 . 3 . . 8 . Intercept . | . . . . . . . . . . . . . . . . . . . . . . . . . . . . Searches Triggered . | . . . . . . . . . . . . . . . . . . . . . . . . . . . . Construction Impeded 3 | . . . . . . . . . . . . 1 . . . . . . . . . . 1 . . 1 . Haulers Reinforced 1 | . . . . . . . . . . . . . . . . . . . . . . . . . . . 1 Active Scanning Responses . | . . . . . . . . . . . . . . . . . . . . . . . . . . . . Cargo Convoy Interrupts . | . . . . . . . . . . . . . . . . . . . . . . . . . . . . Stealth | -11 -10 -10 -10 -9 -8 -8 -8 -8 -8 -7 -7 -6 -6 -6 -6 -5 -5 -5 -5 -5 -4 -4 -3 -3 -3 -2 -1 --------- Run | Yrd Mat Min Exi Min Mat Gar Mat Gar Mat Fac Gar Fac Gar Fac Gar Fac Gar Fac Upp Upp Fac Gar Res Qua Frg Res Acc Distress Signals 15 | . . . . . 2 1 1 . 1 . . . . . . . . . . . . . 1 1 2 3 3 Communications Jammed . | . . . . . . . . . . . . . . . . . . . . . . . . . . . . Distress Signals . | . . . . . . . . . . . . . . . . . . . . . . . . . . . . Times Spotted 847 | . 15 4 . . 18 56 9 33 21 5 31 13 4 10 37 . 44 2 5 1 3 28 18 26 155 276 33 Peak Tracking Total 16 | . 5 3 . . 5 4 4 5 7 3 5 4 3 2 6 . 7 1 5 1 2 6 3 4 11 16 11 Tactical Retreats 28 | . 1 1 . . 2 2 . 3 1 . . . . 1 . . 3 . 1 . . 1 . 1 5 4 2 Traps | -11 -10 -10 -10 -9 -8 -8 -8 -8 -8 -7 -7 -6 -6 -6 -6 -5 -5 -5 -5 -5 -4 -4 -3 -3 -3 -2 -1 ------- Run | Yrd Mat Min Exi Min Mat Gar Mat Gar Mat Fac Gar Fac Gar Fac Gar Fac Gar Fac Upp Upp Fac Gar Res Qua Frg Res Acc Traps Triggered 39 | . . . . . 1 3 . 4 1 1 4 1 1 1 7 . . . . . . . 1 1 12 1 . Indirectly 3 | . . . . . . . . . . . . . . . . . . . . . . . . . 3 . . Trap Hack Attempts . | . . . . . . . . . . . . . . . . . . . . . . . . . . . . Triggered . | . . . . . . . . . . . . . . . . . . . . . . . . . . . . Disarmed . | . . . . . . . . . . . . . . . . . . . . . . . . . . . . Reprogrammed . | . . . . . . . . . . . . . . . . . . . . . . . . . . . . Reused . | . . . . . . . . . . . . . . . . . . . . . . . . . . . . Traps Extracted . | . . . . . . . . . . . . . . . . . . . . . . . . . . . . Installed . | . . . . . . . . . . . . . . . . . . . . . . . . . . . . Triggered . | . . . . . . . . . . . . . . . . . . . . . . . . . . . . Most Traps Carried 6 | . . . . . . . . . . . . . . . . . . . . 6 . . . . . . . Machines | -11 -10 -10 -10 -9 -8 -8 -8 -8 -8 -7 -7 -6 -6 -6 -6 -5 -5 -5 -5 -5 -4 -4 -3 -3 -3 -2 -1 ---------- Run | Yrd Mat Min Exi Min Mat Gar Mat Gar Mat Fac Gar Fac Gar Fac Gar Fac Gar Fac Upp Upp Fac Gar Res Qua Frg Res Acc Machines Disabled 84 | . 1 . . . . 6 3 1 2 . 4 6 . 2 3 . 5 . . . . 5 2 6 32 5 1 Max in Single Turn 3 | . 1 . . . . 1 1 1 1 . 1 1 . . 1 . 2 . . . . 1 1 1 3 2 1 Garrison Access 3 | . . . . . . . . . . . . . . . . . . . . . . . . 1 1 1 . Garrison Relay 12 | . . . . . . 3 . 1 . . 2 . . . 2 . 1 . . . . 3 . . . . . Phase Generator 2 | . . . . . . 1 . . . . . . . . . . 1 . . . . . . . . . . Energy Cycler 1 | . . . . . . . . . . . . . . . . . . . . . . . . . . . 1 Machines Repaired . | . . . . . . . . . . . . . . . . . . . . . . . . . . . . Machines Dismantled . | . . . . . . . . . . . . . . . . . . . . . . . . . . . . Machines Sabotaged . | . . . . . . . . . . . . . . . . . . . . . . . . . . . . Overloaded Fab Kills . | . . . . . . . . . . . . . . . . . . . . . . . . . . . . Hacking | -11 -10 -10 -10 -9 -8 -8 -8 -8 -8 -7 -7 -6 -6 -6 -6 -5 -5 -5 -5 -5 -4 -4 -3 -3 -3 -2 -1 --------- Run | Yrd Mat Min Exi Min Mat Gar Mat Gar Mat Fac Gar Fac Gar Fac Gar Fac Gar Fac Upp Upp Fac Gar Res Qua Frg Res Acc Machines Accessed 51 | . . . 4 . 3 2 2 2 1 2 1 1 1 4 2 1 3 4 . 1 1 . 6 1 5 3 1 Terminals 29 | . . . . . 2 2 . 2 1 1 1 . 1 1 2 . 3 2 . . . . 5 . 3 3 . Fabricators 1 | . . . . . . . . . . . . . . . . . . 1 . . . . . . . . . Repair Stations 2 | . . . . . . . . . . . . . . . . . . 1 . . . . . . . . 1 Recycling Units 2 | . . . . . . . . . . . . . . 1 . . . . . . . . 1 . . . . Scanalyzers 3 | . . . . . . . 1 . . . . . . 1 . . . . . . . . . . 1 . . Garrison Access 9 | . . . . . 1 . 1 . . 1 . 1 . 1 . 1 . . . . 1 . . 1 1 . . Total Hacks 98 | . . . 27 . 6 3 3 4 2 2 2 1 3 5 3 2 5 5 . 1 2 . 9 1 8 3 1 Successful 58 | . . . 27 . 3 . 3 2 1 1 . 1 1 2 1 1 3 3 . 1 1 . 2 1 4 . . Failed 40 | . . . . . 3 3 . 2 1 1 2 . 2 3 2 1 2 2 . . 1 . 7 . 4 3 1 Catastrophic 16 | . . . . . 1 3 . 1 1 1 1 . . 1 1 . . 1 . . . . 3 . 1 1 . Database Lockouts . | . . . . . . . . . . . . . . . . . . . . . . . . . . . . Manual 23 | . 1 . . . 5 . . . 3 1 . . . 1 . 1 . 4 . . 1 . 4 . . 2 . Terminals 48 | . . . . . 4 3 . 4 2 1 2 . 3 1 3 . 5 3 . . . . 8 . 6 3 . Fabricators 1 | . . . . . . . . . . . . . . . . . . 1 . . . . . . . . . Repair Stations 2 | . . . . . . . . . . . . . . . . . . 1 . . . . . . . . 1 Recycling Units 2 | . . . . . . . . . . . . . . 1 . . . . . . . . 1 . . . . Scanalyzers 5 | . . . . . . . 2 . . . . . . 2 . . . . . . . . . . 1 . . Garrison Access 12 | . . . . . 2 . 1 . . 1 . 1 . 1 . 2 . . . . 2 . . 1 1 . . Terminal Hacks 42 | . . . 27 . 1 . . 2 1 . . . 1 . 1 . 3 1 . 1 . . 1 . 3 . . Record 27 | . . . 27 . . . . . . . . . . . . . . . . . . . . . . . . Open Door 4 | . . . . . . . . . . . . . . . 1 . 1 . . 1 . . 1 . . . . Branch Access Points 2 | . . . . . 1 . . . . . . . . . . . . 1 . . . . . . . . . Emergency Access Points 3 | . . . . . . . . 1 . . . . 1 . . . 1 . . . . . . . . . . Unreport Threat 2 | . . . . . . . . . 1 . . . . . . . . . . . . . . . 1 . . Locate Traps 1 | . . . . . . . . . . . . . . . . . . . . . . . . . 1 . . Zone Layout 1 | . . . . . . . . . . . . . . . . . . . . . . . . . 1 . . Garrison Registry 1 | . . . . . . . . . . . . . . . . . 1 . . . . . . . . . . Security Stations 1 | . . . . . . . . 1 . . . . . . . . . . . . . . . . . . . Fabricator Hacks 1 | . . . . . . . . . . . . . . . . . . 1 . . . . . . . . . Network Status 1 | . . . . . . . . . . . . . . . . . . 1 . . . . . . . . . Repair Station Hacks . | . . . . . . . . . . . . . . . . . . . . . . . . . . . . Recycling Unit Hacks . | . . . . . . . . . . . . . . . . . . . . . . . . . . . . Scanalyzer 3 | . . . . . . . 2 . . . . . . 1 . . . . . . . . . . . . . Retrieve Study 3 | . . . . . . . 2 . . . . . . 1 . . . . . . . . . . . . . Garrison Access Hacks 9 | . . . . . 1 . 1 . . 1 . 1 . 1 . 1 . . . . 1 . . 1 1 . . Unlock Access 7 | . . . . . 1 . 1 . . 1 . 1 . 1 . 1 . . . . 1 . . . . . . Seal Access 2 | . . . . . . . . . . . . . . . . . . . . . . . . 1 1 . . Unauthorized Hacks 3 | . . . . . 1 . . . . . . . . . . . . 1 . . . . 1 . . . . Terminals 1 | . . . . . . . . . . . . . . . . . . . . . . . 1 . . . . Botnet 1 | . . . . . . . . . . . . . . . . . . . . . . . 1 . . . . Fabricators . | . . . . . . . . . . . . . . . . . . . . . . . . . . . . Repair Stations 1 | . . . . . . . . . . . . . . . . . . 1 . . . . . . . . . Patch 1 | . . . . . . . . . . . . . . . . . . 1 . . . . . . . . . Recycling Units . | . . . . . . . . . . . . . . . . . . . . . . . . . . . . Scanalyzers . | . . . . . . . . . . . . . . . . . . . . . . . . . . . . Garrison Access 1 | . . . . . 1 . . . . . . . . . . . . . . . . . . . . . . Restock 1 | . . . . . 1 . . . . . . . . . . . . . . . . . . . . . . Data Cores Recovered 2 | . . . . . 1 . . . 1 . . . . . . . . . . . . . . . . . . Used . | . . . . . . . . . . . . . . . . . . . . . . . . . . . . Hacking Detections 32 | . . . . . 1 2 1 2 1 1 1 1 1 1 1 1 2 2 . . 1 . 5 . 4 3 1 Full Trace Events 1 | . . . . . . . . 1 . . . . . . . . . . . . . . . . . . . Feedback Events . | . . . . . . . . . . . . . . . . . . . . . . . . . . . . Feedback Blocked . | . . . . . . . . . . . . . . . . . . . . . . . . . . . . Robot Schematics Acquired 2 | . . . . . . . . . . . . . . . . . . . . . . . . . 2 . . Robots Built . | . . . . . . . . . . . . . . . . . . . . . . . . . . . . Authchips . | . . . . . . . . . . . . . . . . . . . . . . . . . . . . Time . | . . . . . . . . . . . . . . . . . . . . . . . . . . . . Total Robot Build Rating . | . . . . . . . . . . . . . . . . . . . . . . . . . . . . Part Schematics Acquired 2 | . . . . . . . . . . . . . . . . . . . . . . . . . 2 . . Parts Built . | . . . . . . . . . . . . . . . . . . . . . . . . . . . . Authchips . | . . . . . . . . . . . . . . . . . . . . . . . . . . . . Time . | . . . . . . . . . . . . . . . . . . . . . . . . . . . . Total Part Build Rating . | . . . . . . . . . . . . . . . . . . . . . . . . . . . . Part Studies Acquired 3 | . . . . . . . 2 . . . . . . 1 . . . . . . . . . . . . . Parts Repaired . | . . . . . . . . . . . . . . . . . . . . . . . . . . . . Time . | . . . . . . . . . . . . . . . . . . . . . . . . . . . . Parts Recycled . | . . . . . . . . . . . . . . . . . . . . . . . . . . . . Recycled Matter . | . . . . . . . . . . . . . . . . . . . . . . . . . . . . Retrieved Matter . | . . . . . . . . . . . . . . . . . . . . . . . . . . . . Retrieved Components . | . . . . . . . . . . . . . . . . . . . . . . . . . . . . Parts Scanalyzed . | . . . . . . . . . . . . . . . . . . . . . . . . . . . . Part Schematics Acquired . | . . . . . . . . . . . . . . . . . . . . . . . . . . . . Parts Damaged . | . . . . . . . . . . . . . . . . . . . . . . . . . . . . Bothacking | -11 -10 -10 -10 -9 -8 -8 -8 -8 -8 -7 -7 -6 -6 -6 -6 -5 -5 -5 -5 -5 -4 -4 -3 -3 -3 -2 -1 ------------ Run | Yrd Mat Min Exi Min Mat Gar Mat Gar Mat Fac Gar Fac Gar Fac Gar Fac Gar Fac Upp Upp Fac Gar Res Qua Frg Res Acc Used RIF Installer 7 | . . . . . . 1 . 1 . . 1 . 1 . 1 . 1 . . . . 1 . . . . . Hotswap 1 | . . . . . . 1 . . . . . . . . . . . . . . . . . . . . . Command Fork 1 | . . . . . . . . . . . . . . . 1 . . . . . . . . . . . . Threat Obfuscator 1 | . . . . . . . . . . . . . 1 . . . . . . . . . . . . . . Signal Jammer 1 | . . . . . . . . . . . . . . . . . 1 . . . . . . . . . . Zone Cloak 1 | . . . . . . . . 1 . . . . . . . . . . . . . . . . . . . Program Shield 1 | . . . . . . . . . . . 1 . . . . . . . . . . . . . . . . Autoassimilate 1 | . . . . . . . . . . . . . . . . . . . . . . 1 . . . . . Robots Hacked 1 | . . . . . . . . . . . . . . . . . . . . . . 1 . . . . . Non-combat . | . . . . . . . . . . . . . . . . . . . . . . . . . . . . Combat 1 | . . . . . . . . . . . . . . . . . . . . . . 1 . . . . . Robot Hacks Applied 1 | . . . . . . . . . . . . . . . . . . . . . . 1 . . . . . formatsys_high 1 | . . . . . . . . . . . . . . . . . . . . . . 1 . . . . . Relay Couplers Released 55 | . . . . . . 13 . 4 . . 7 . 4 . 9 . 4 . . . . 11 . . . 3 . Machine Destruction 51 | . . . . . . 13 . 4 . . 7 . . . 9 . 4 . . . . 11 . . . 3 . Programmers 4 | . . . . . . . . . . . . . 4 . . . . . . . . . . . . . . Attached 2 | . . . . . . . . . . . . . . . . . 1 . . . . 1 . . . . . Fabnet Peak Effective % . | . . . . . . . . . . . . . . . . . . . . . . . . . . . . Robots Rewired 27 | . . . 3 . . 3 . 3 . . 2 . 10 . 6 . . . . . . . . . . . . Allies Hacked 4 | . . . . . . . . . . . . . . . . . . . . . . . 1 2 . 1 . Hacks Repelled 3 | . . . . . . . . . . . . . . . . . . . . . . . . 3 . . . Allies | -11 -10 -10 -10 -9 -8 -8 -8 -8 -8 -7 -7 -6 -6 -6 -6 -5 -5 -5 -5 -5 -4 -4 -3 -3 -3 -2 -1 -------- Run | Yrd Mat Min Exi Min Mat Gar Mat Gar Mat Fac Gar Fac Gar Fac Gar Fac Gar Fac Upp Upp Fac Gar Res Qua Frg Res Acc Total Allies 84 | . . . 3 3 1 9 . 3 . . 2 . 10 . 7 . 2 12 . . . 1 7 6 . 10 8 Largest Group 9 | . . . 3 6 6 5 2 3 . . 2 . 8 9 9 5 5 8 . . . 1 6 6 . 4 5 Highest-Rated Group 593 | . . . 24 64 64 132 51 51 . . 80 . 306 349 344 154 154 214 . . . 116 593 245 . 291 271 Highest-Rated Ally 219 | . . . 8 16 57 57 31 31 . . 40 . 43 43 43 38 46 31 . . . 116 183 82 . 219 72 Total Orders 5 | . . . . . . . . . . . . . 2 . 2 . . . . . . . . . . 1 . STAY 2 | . . . . . . . . . . . . . 1 . 1 . . . . . . . . . . . . FOLLOW 2 | . . . . . . . . . . . . . 1 . 1 . . . . . . . . . . . . RETURN 1 | . . . . . . . . . . . . . . . . . . . . . . . . . . 1 . Ally Attacks 644 | . . . . . 43 85 20 24 . . 11 . . 33 87 . 34 12 . . . 3 118 36 . 88 50 Total Damage 15944 | . . . . . 476 925 202 194 . . 385 . . 683 2441 . 894 168 . . . 239 2465 922 . 4161 1789 Kills 109 | . . . . . 9 10 4 2 . . 3 . . 3 17 . 4 . . . . . 19 4 . 24 10 Allies Corrupted 6 | . . . . . . . . . . . . . . . 2 . . . . . . . . 2 . 2 . Allies Melted . | . . . . . . . . . . . . . . . . . . . . . . . . . . . . X0-1V1 Amusement Gains 400 | . 3 . . . 5 21 . 10 40 10 15 25 . 21 . . . . . . 10 30 10 5 112 52 31 Good Acts 235 | . 1 6 . 1 3 47 1 9 5 6 9 2 3 2 7 . 14 4 2 2 . 8 13 8 44 26 12 Bad Acts 128 | . . 7 . . 3 40 . 7 4 . 2 3 16 3 6 . 1 1 2 . . 9 1 1 14 4 4 Intel | -11 -10 -10 -10 -9 -8 -8 -8 -8 -8 -7 -7 -6 -6 -6 -6 -5 -5 -5 -5 -5 -4 -4 -3 -3 -3 -2 -1 ------- Run | Yrd Mat Min Exi Min Mat Gar Mat Gar Mat Fac Gar Fac Gar Fac Gar Fac Gar Fac Upp Upp Fac Gar Res Qua Frg Res Acc Active Infowar (turns) 5954 | 78 614 165 855 104 92 . . . . . . 361 . 349 . . . 719 316 208 57 . 969 546 147 253 121 Sensors 114 | . . . . . . . . . . . . . . . . . . . . . . . . . . . 114 A.S.S. 7 | . . . . . . . . . . . . . . . . . . . . . . . . . . . 7 Terrain 8 | 8 . . . . . . . . . . . . . . . . . . . . . . . . . . . Structural 3525 | . . . . . . . . . . . . 361 . 349 . . . 719 316 208 57 . 969 546 . . . Seismic 1908 | 78 614 165 855 104 92 . . . . . . . . . . . . . . . . . . . . . . Cloaking 400 | . . . . . . . . . . . . . . . . . . . . . . . . . 147 253 . Robot Analysis Total . | . . . . . . . . . . . . . . . . . . . . . . . . . . . . Derelict Logs Recovered 1 | . . . . . . . . . . . . . . . . . . . . 1 . . . . . . . Drone Launches 12 | . . . . . . . . . . . . . . . . . . . . . . . . . . 12 . Drone Recoveries 6 | . . . . . . . . . . . . . . . . . . . . . . . . . . 6 . Exploration | -11 -10 -10 -10 -9 -8 -8 -8 -8 -8 -7 -7 -6 -6 -6 -6 -5 -5 -5 -5 -5 -4 -4 -3 -3 -3 -2 -1 ------------- Run | Yrd Mat Min Exi Min Mat Gar Mat Gar Mat Fac Gar Fac Gar Fac Gar Fac Gar Fac Upp Upp Fac Gar Res Qua Frg Res Acc Turns Passed 28593 | 154 614 165 855 104 761 2155 281 1924 738 475 1442 603 1265 702 1972 158 1876 720 364 238 66 1649 1125 934 4990 1947 316 Spaces Moved 14258 | 92 678 86 509 66 376 960 127 953 273 262 686 315 702 401 944 88 847 427 195 131 33 789 604 429 2116 710 459 Core 1190 | 56 604 . . . . . . . . . . . . . . . . . . . . . . . . 110 420 Treads 11110 | 36 74 86 509 66 376 960 127 953 273 262 483 179 185 . 258 88 847 427 195 131 33 789 604 429 2116 600 24 Legs . | . . . . . . . . . . . . . . . . . . . . . . . . . . . . Wheels 1943 | . . . . . . . . . . . 203 136 517 401 686 . . . . . . . . . . . . Hover . | . . . . . . . . . . . . . . . . . . . . . . . . . . . . Flight 15 | . . . . . . . . . . . . . . . . . . . . . . . . . . . 15 Fastest Speed 50 | 50 50 160 160 160 160 160 160 160 160 160 135 135 135 150 130 160 160 160 160 160 160 160 150 150 150 50 50 Average Speed 149 | 96 62 160 160 160 160 176 160 160 160 160 156 150 150 150 143 160 160 160 166 160 160 160 155 153 161 146 56 Slowest Speed 320 | 160 160 160 160 160 160 320 160 200 200 160 280 213 160 150 280 160 160 160 240 160 160 226 160 161 240 225 145 Overloaded Moves . | . . . . . . . . . . . . . . . . . . . . . . . . . . . . Propulsion Burnouts . | . . . . . . . . . . . . . . . . . . . . . . . . . . . . Robots Hopped . | . . . . . . . . . . . . . . . . . . . . . . . . . . . . Potential Cave-ins 22 | . . . . . . 2 . . . . . . . . . . . . . . . . . . 20 . . Cave-ins Triggered 1 | . . . . . . . . . . . . . . . . . . . . . . . . . 1 . . Teleports 2 | . . . . . . . . . . . . . . . . . . . . . . . . . 1 1 . Exploration Rate (%) 40 | 4 85 23 90 23 34 85 21 64 41 10 75 10 86 18 71 2 89 16 43 21 2 69 27 50 44 20 16 Regions Visited 27 Branch Regions 7 Pre-discovered Areas 1 | . . . 1 . . . . . . . . . . . . . . . . . . . . . . . . Known Exits Taken 14 | . . 1 . . 1 . 1 . 1 1 . 1 . 1 . 1 . 1 1 . 1 . 1 . 1 1 . Unknown Exits Taken 6 | 1 1 . 1 1 . . . . . . . . . . . . . . . 1 . . . 1 . . . Scrap Searched . | . . . . . . . . . . . . . . . . . . . . . . . . . . . . Spaces Dug 160 | . 5 . . . . . . 1 . 1 . 3 . 4 14 . 1 8 9 . 1 1 32 8 36 36 . Terrain Destroyed 1500 | . 5 . . . . . 7 24 16 2 75 39 8 4 58 . 94 8 71 1 1 80 40 23 178 766 . Melee 19 | . . . . . . . . . . . . . . 4 14 . 1 . . . . . . . . . . Projectile 390 | . 5 . . . . . 7 20 16 2 1 4 . . 3 . 7 8 10 1 1 12 40 21 56 176 . AOE 1076 | . . . . . . . . 2 . . 74 35 8 . 41 . 86 . 61 . . 68 . . 122 579 . Terrain Rammed . | . . . . . . . . . . . . . . . . . . . . . . . . . . . . Walls Destroyed . | . . . . . . . . . . . . . . . . . . . . . . . . . . . . Machines Disabled . | . . . . . . . . . . . . . . . . . . . . . . . . . . . . Actions | -11 -10 -10 -10 -9 -8 -8 -8 -8 -8 -7 -7 -6 -6 -6 -6 -5 -5 -5 -5 -5 -4 -4 -3 -3 -3 -2 -1 --------- Run | Yrd Mat Min Exi Min Mat Gar Mat Gar Mat Fac Gar Fac Gar Fac Gar Fac Gar Fac Upp Upp Fac Gar Res Qua Frg Res Acc Total 19154 | 130 838 96 536 65 454 1205 161 1183 497 292 905 382 868 454 1310 105 1157 453 218 157 39 1033 715 603 3564 1225 509 Wait 1645 | . 119 . . . 11 18 7 61 166 . 45 7 . 14 36 10 147 . 2 8 . 95 7 35 680 154 23 Move 14231 | 91 677 85 508 65 376 959 127 952 272 262 684 314 701 401 942 87 845 426 194 130 33 787 603 428 2114 710 458 Hop . | . . . . . . . . . . . . . . . . . . . . . . . . . . . . Pick Up 245 | 6 5 . 1 . 18 24 1 8 5 4 9 8 10 4 19 2 9 5 . 6 . 18 11 15 53 3 1 Fast Attach 144 | 5 1 . . . 5 10 . 3 5 4 5 . 1 . 15 2 6 . 1 . . 4 5 10 35 16 11 Attach 165 | 1 8 . . . 2 14 . 7 1 4 9 9 4 1 14 1 5 1 1 . 2 11 3 8 34 25 . Detach 38 | . 6 . . . . . . . . . . . . . 4 . 2 . . . . 1 . 4 16 5 . Swap 358 | . 2 . 2 . 3 13 3 9 4 3 10 11 8 14 31 1 31 8 5 3 1 28 20 34 60 54 . Drop 209 | 2 3 . 1 . 3 21 3 8 8 4 4 2 4 3 15 2 11 4 1 8 . 17 14 21 46 3 1 Fire 1594 | 25 15 9 2 . 36 98 20 86 33 11 89 31 10 13 72 . 83 9 14 2 3 72 51 46 513 251 . Melee 158 | . . . 9 . . 12 . . . . . . 11 4 75 . 18 . . . . . . 2 10 2 15 Ram . | . . . . . . . . . . . . . . . . . . . . . . . . . . . . Kick . | . . . . . . . . . . . . . . . . . . . . . . . . . . . . Crush 7 | . 2 . . . . . . . 3 . . . . . . . . . . . . . . . 2 . . Escape Stasis 42 | . . 2 . . . 5 . . . . 20 . . . 12 . . . . . . . . . 1 2 . Rewire 318 | . . . 13 . . 31 . 49 . . 30 . 119 . 75 . . . . . . . 1 . . . . Trap . | . . . . . . . . . . . . . . . . . . . . . . . . . . . . Miscellaneous . | . . . . . . . . . . . . . . . . . . . . . . . . . . . . Route ------- -11/Scrapyard -10/Materials (discovered 6 exits: [*Mat x3] / [*Min x2] / [*Sub]) -10/Mines -10/Exiles (discovered 2 exits: [*Min x2]) -9/Mines -8/Materials -8/Garrison (discovered 4 exits: *Fac x3 / *Mat) -8/Materials -8/Garrison (discovered 4 exits: *Fac x3 / *Mat) -8/Materials -7/Factory (discovered 3 exits: *Fac x2 / Gar) -7/Garrison (discovered 3 exits: *Fac x3) -6/Factory -6/Garrison (discovered 3 exits: *Fac x2 / *Fac) -6/Factory -6/Garrison (discovered 3 exits: *Fac x3) -5/Factory (discovered 2 exits: *Fac / Gar) -5/Garrison (discovered 3 exits: *Fac x3) -5/Factory (discovered 2 exits: *Upp x2) -5/Upper Caves (discovered 2 exits: *Upp / [*War]) -5/Upper Caves -4/Factory -4/Garrison (discovered 3 exits: *Res x3) -3/Research (discovered 2 exits: *Res / *Qua) -3/Quarantine (discovered 3 exits: Res / *Sec / *Frg) -3/Protoforge -2/Research (discovered 2 exits: *Acc / Tes) -1/Access (discovered 2 exits: [*Sur] / Com) To Epsilon Eridani History --------- Turn | Location | Event 6 | -11/Scrapyard | Discovered new exit (range 16) 155 | -11/Scrapyard | Entered Materials 200 | -10/Materials | Discovered new exit (range 7) 302 | -10/Materials | Build established: Mutant 324 | -10/Materials | Discovered new exit (range 12) 327 | -10/Materials | Discovered new exit (range 13) 348 | -10/Materials | Discovered new exit (range 13) 427 | -10/Materials | Discovered new exit (range 4) 557 | -10/Materials | Discovered new exit (range 5) 625 | -10/Materials | Prayed at D.C.S.S. Altar Unit 718 | -10/Materials | X0-1V1 activates XOMVISION 769 | -10/Materials | Entered Mines 776 | -10/Mines | Core integrity permanently improved by X0-1V1 (+200) 785 | -10/Mines | Found a hidden stash of uninstalled traps 790 | -10/Mines | Identified exit to Exiles 790 | -10/Mines | X0-1V1 revealed exit location to -10/Exiles 809 | -10/Mines | X0-1V1 upgraded hostiles (x1) 925 | -10/Mines | Deemed a non-threat by the Exiles lab entrance 934 | -10/Mines | Entered Exiles 934 | -10/Exiles | Found Exiles lab destroyed 958 | -10/Exiles | Discovered new exit (range 15) 1288 | -10/Exiles | Learned location of Zion (-6) 1770 | -10/Exiles | Discovered new exit (range 11) 1789 | -10/Exiles | Entered Mines 1789 | -9/Mines | Accompanied by 3 allies 1842 | -9/Mines | Assisted by bots powering up and referring to "LRC-V3" 1868 | -9/Mines | Discovered new exit (range 7) 1893 | -9/Mines | Entered Materials 1893 | -8/Materials | Accompanied by 6 allies 1893 | -8/Materials | Evolved 4 slots: Propulsion x2, Utility x1, Weapon x1 1923 | -8/Materials | Sensors blinded by X0-1V1 1978 | -8/Materials | Lost 4 allies 1985 | -8/Materials | X0-1V1 mutated your Utility slot to Power slot 2196 | -8/Materials | Mass support permanently improved by X0-1V1 (+6; -200 max core) 2427 | -8/Materials | Build established: Scavenger-Gunner 2523 | -8/Materials | Garrison activated, responded to threat 2564 | -8/Materials | X0-1V1 sent allied Chaos Knight (x1) 2654 | -8/Materials | Identified exit to Garrison 2654 | -8/Materials | Entered Garrison 2654 | -8/Garrison | Accompanied by 1 ally 2656 | -8/Garrison | Triggered checkpoint 2726 | -8/Garrison | X0-1V1 mutated your Propulsion slot to Weapon slot 2806 | -8/Garrison | Triggered checkpoint 2870 | -8/Garrison | Ranged accuracy permanently improved by X0-1V1 (+6%; -60 max core) 2985 | -8/Garrison | Triggered checkpoint 3005 | -8/Garrison | Triggered checkpoint 3040 | -8/Garrison | Triggered checkpoint 3063 | -8/Garrison | Triggered checkpoint 3104 | -8/Garrison | Lost 3 parts (2p1w) 3201 | -8/Garrison | X0-1V1 upgraded hostiles (x1) 3233 | -8/Garrison | Lost 5 parts (1p3n1w) 3250 | -8/Garrison | Discovered new exit (range 12) 3288 | -8/Garrison | Triggered checkpoint 3405 | -8/Garrison | Identified exit to Factory 3405 | -8/Garrison | X0-1V1 revealed exit location to -7/Factory 3408 | -8/Garrison | Garrison Relay disabled 3409 | -8/Garrison | X0-1V1 activates XOMVISION 3417 | -8/Garrison | X0-1V1 sent hostile S-10 Pest (x3) 3485 | -8/Garrison | Triggered checkpoint 3528 | -8/Garrison | Discovered new exit (range 6) 3792 | -8/Garrison | System corruption reached 10% 3801 | -8/Garrison | Garrison Relay disabled 3802 | -8/Garrison | X0-1V1 sent hostile G-47 Trooper (x4) 3828 | -8/Garrison | X0-1V1 rewrote Pest 3c IFF filter 3845 | -8/Garrison | X0-1V1 sent allied X-57 Shotgunner (x4) 3846 | -8/Garrison | Weapon slot count temporarily expanded by X0-1V1 (+3) 3870 | -8/Garrison | Lost 3 parts (2n1w) 3881 | -8/Garrison | X0-1V1 destroyed Phase Generator 3881 | -8/Garrison | Phase Generator disabled 3916 | -8/Garrison | X0-1V1 revealed exit location to -7/Factory 3935 | -8/Garrison | Core integrity restored by X0-1V1 (+78) 3939 | -8/Garrison | X0-1V1 activates XOMVISION 3966 | -8/Garrison | X0-1V1 rewrote X-57 Shotgunner IFF filter 3994 | -8/Garrison | Forcibly received Sfc. Transmogifier from X0-1V1 4067 | -8/Garrison | Gauss Rifle reconfigured into Item Mimic 4086 | -8/Garrison | X0-1V1 sent you into danger 4116 | -8/Garrison | X0-1V1 upgraded hostiles (x1) 4128 | -8/Garrison | Core integrity restored by X0-1V1 (+112) 4210 | -8/Garrison | X0-1V1 activates XOMVISION 4219 | -8/Garrison | X0-1V1 vaporized surrounding terrain (radius 23) 4220 | -8/Garrison | Rescued a captive Derelict 4220 | -8/Garrison | Rescued a captive Derelict 4234 | -8/Garrison | X0-1V1 opened Sealed Heavy Doors 4256 | -8/Garrison | Installed Relay Interface Framework 4258 | -8/Garrison | Garrison Relay disabled 4258 | -8/Garrison | X0-1V1 sent you into danger 4264 | -8/Garrison | X0-1V1 upgraded hostiles (x1) 4271 | -8/Garrison | Expanded RIF knowledge: Hotswap 4279 | -8/Garrison | X0-1V1 rewrote X-57 Shotgunner IFF filter 4520 | -8/Garrison | X0-1V1 mutated your Weapon slot to Utility slot 4554 | -8/Garrison | Spotted B-75 Beast 4554 | -8/Garrison | X0-1V1 sent you into danger 4587 | -8/Garrison | Destroyed B-75 Beast 4602 | -8/Garrison | X0-1V1 mutated your Utility slot to Propulsion slot 4809 | -8/Garrison | Entered Materials 4809 | -8/Materials | Accompanied by 2 allies 4912 | -8/Materials | Garrison activated, responded to threat 4968 | -8/Materials | X0-1V1 released a cloud of subatomizers 5083 | -8/Materials | Identified exit to Garrison 5090 | -8/Materials | Entered Garrison 5090 | -8/Garrison | Accompanied by 2 allies 5114 | -8/Garrison | Triggered checkpoint 5204 | -8/Garrison | X0-1V1 activates XOMVISION 5294 | -8/Garrison | Triggered checkpoint 5321 | -8/Garrison | Triggered checkpoint 5351 | -8/Garrison | Triggered checkpoint 5549 | -8/Garrison | Discovered exit to Factory (range 10) 5749 | -8/Garrison | Discovered exit to Factory (range 6) 5812 | -8/Garrison | Triggered checkpoint 5835 | -8/Garrison | X0-1V1 downgraded hostiles (x2) 5924 | -8/Garrison | Triggered checkpoint 5972 | -8/Garrison | Lost 5 parts (1p4n) 5985 | -8/Garrison | Discovered new exit (range 5) 6137 | -8/Garrison | X0-1V1 revealed exit location to -7/Factory 6156 | -8/Garrison | Triggered checkpoint 6262 | -8/Garrison | Triggered checkpoint 6304 | -8/Garrison | X0-1V1 rewrote Trooper 3b IFF filter 6353 | -8/Garrison | Learned Factory security intel 6431 | -8/Garrison | X0-1V1 rewrote Trooper 3a IFF filter 6432 | -8/Garrison | Garrison Relay disabled 6837 | -8/Garrison | Expanded RIF knowledge: Zone Cloak 6998 | -8/Garrison | X0-1V1 mutated your Propulsion slot to Utility slot 7014 | -8/Garrison | Entered Materials 7091 | -8/Materials | X0-1V1 redirected Transport squads to designated parking area 7355 | -8/Materials | Destroyed 8 combat bots 7414 | -8/Materials | First assault squad dispatched 7468 | -8/Materials | X0-1V1 added 0b10 threat records associated with you (considerable) 7562 | -8/Materials | Discovered exit to Factory (range 16) 7752 | -8/Materials | Entered Factory 7752 | -7/Factory | Evolved 2 slots: Propulsion x1, Utility x1 7929 | -7/Factory | Weapon slot count temporarily expanded by X0-1V1 (+1) 7971 | -7/Factory | Discovered new exit (range 15) 8051 | -7/Factory | Identified exit to Factory 8069 | -7/Factory | X0-1V1 revealed exit location to -6/Factory 8227 | -7/Factory | Identified exit to Garrison 8227 | -7/Factory | Entered Garrison 8247 | -7/Garrison | Triggered checkpoint 8293 | -7/Garrison | Triggered checkpoint 8362 | -7/Garrison | Lost 4 parts (4n) 8520 | -7/Garrison | X0-1V1 rewrote Marksman 4b IFF filter 8613 | -7/Garrison | Triggered checkpoint 8661 | -7/Garrison | Garrison Relay disabled 8731 | -7/Garrison | Triggered checkpoint 8778 | -7/Garrison | Triggered checkpoint 8850 | -7/Garrison | Triggered checkpoint 8856 | -7/Garrison | X0-1V1 whisked you away to safety 8859 | -7/Garrison | Expanded RIF knowledge: Program Shield 8881 | -7/Garrison | Discovered exit to Factory (range 10) 8960 | -7/Garrison | Lost 5 parts (1p2n2u) 9054 | -7/Garrison | Garrison Relay disabled 9157 | -7/Garrison | Triggered checkpoint 9228 | -7/Garrison | Core integrity restored by X0-1V1 (+153) 9248 | -7/Garrison | X0-1V1 revealed exit location to -6/Factory 9268 | -7/Garrison | Discovered exit to Factory (range 13) 9669 | -7/Garrison | Entered Factory 9669 | -6/Factory | Evolved 2 slots: Utility x2 10089 | -6/Factory | X0-1V1 mutated your Utility slot to Weapon slot 10189 | -6/Factory | X0-1V1 sent you into danger 10192 | -6/Factory | Garrison activated, responded to threat 10226 | -6/Factory | Lost 3 parts (1u2w) 10265 | -6/Factory | Identified exit to Garrison 10272 | -6/Factory | Entered Garrison 10272 | -6/Garrison | Discovered recently destroyed garrison 10425 | -6/Garrison | System corruption reached 10% 10451 | -6/Garrison | X0-1V1 mutated your Weapon slot to Propulsion slot 10575 | -6/Garrison | X0-1V1 sent hostile P-60 Hacker (x3) 10594 | -6/Garrison | X0-1V1 sent you into danger 10677 | -6/Garrison | Expanded RIF knowledge: Threat Obfuscation 10727 | -6/Garrison | Found Fusion Bomb Launcher 10735 | -6/Garrison | Found Gamma Bomb Array 10739 | -6/Garrison | Found Adv. Powered Armor 10767 | -6/Garrison | Discovered new exit (range 14) 10780 | -6/Garrison | X0-1V1 mutated your Propulsion slot to Weapon slot 10984 | -6/Garrison | X0-1V1 mutated your Weapon slot to Utility slot 11020 | -6/Garrison | Discovered new exit (range 6) 11035 | -6/Garrison | System corruption reached 30% 11466 | -6/Garrison | Discovered new exit (range 5) 11537 | -6/Garrison | Entered Factory 11537 | -6/Factory | Accompanied by 9 allies 11597 | -6/Factory | X0-1V1 foreshadows a heat wave 11833 | -6/Factory | Ambient heat levels rising (+10) 11936 | -6/Factory | Hvy. Gauss Cannon reconfigured into Item Mimic 12015 | -6/Factory | Ambient heat levels rising (+10) 12202 | -6/Factory | Ambient heat levels falling (-10) 12226 | -6/Factory | Identified exit to Garrison 12239 | -6/Factory | Entered Garrison 12239 | -6/Garrison | Accompanied by 9 allies 12242 | -6/Garrison | Build established: Commander-Gunner 12279 | -6/Garrison | Triggered checkpoint 12403 | -6/Garrison | X0-1V1 turns hostiles against one another 12411 | -6/Garrison | Spotted B-75 Beast 12429 | -6/Garrison | Allies destroyed B-75 Beast 12436 | -6/Garrison | Lost 5 allies 12436 | -6/Garrison | Triggered checkpoint 12450 | -6/Garrison | Lost 9 parts (2p3n1u3w) 12457 | -6/Garrison | Destroyed 9 combat bots 12511 | -6/Garrison | Triggered checkpoint 12513 | -6/Garrison | Triggered checkpoint 12536 | -6/Garrison | Triggered checkpoint 12580 | -6/Garrison | Lost 3 allies 12749 | -6/Garrison | Discovered new exit (range 10) 12781 | -6/Garrison | Triggered checkpoint 12839 | -6/Garrison | Triggered checkpoint 12849 | -6/Garrison | Garrison Relay disabled 13054 | -6/Garrison | X0-1V1 sent you into danger 13125 | -6/Garrison | Lost 5 parts (1p2n1u1w) 13340 | -6/Garrison | Discovered new exit (range 12) 13407 | -6/Garrison | Triggered checkpoint 13424 | -6/Garrison | Build established: Scavenger-Gunner 13448 | -6/Garrison | Expanded RIF knowledge: Command Fork 13488 | -6/Garrison | Garrison Relay disabled 13494 | -6/Garrison | Core integrity restored by X0-1V1 (+158) 13705 | -6/Garrison | Triggered checkpoint 14185 | -6/Garrison | Discovered new exit (range 8) 14211 | -6/Garrison | Entered Factory 14211 | -5/Factory | Accompanied by 5 allies 14211 | -5/Factory | Evolved 2 slots: Utility x2 14220 | -5/Factory | Discovered new exit (range 13) 14240 | -5/Factory | Identified exit to Garrison 14347 | -5/Factory | Build established: Scavenger-Mutant 14369 | -5/Factory | Entered Garrison 14369 | -5/Garrison | Accompanied by 5 allies 14411 | -5/Garrison | Triggered checkpoint 14431 | -5/Garrison | Identified exit to Factory 14431 | -5/Garrison | X0-1V1 revealed exit location to -5/Factory 14559 | -5/Garrison | Triggered checkpoint 14647 | -5/Garrison | Triggered checkpoint 14649 | -5/Garrison | Triggered checkpoint 14689 | -5/Garrison | Destroyed 7 combat bots 14694 | -5/Garrison | Build established: Scavenger-Tank 14760 | -5/Garrison | Triggered checkpoint 15157 | -5/Garrison | Triggered checkpoint 15272 | -5/Garrison | Discovered exit to Factory (range 11) 15343 | -5/Garrison | Rescued a captive Derelict 15345 | -5/Garrison | Rescued a captive Derelict 15358 | -5/Garrison | P-70 Sage assimilated allied 3P-H6N(g) 15562 | -5/Garrison | Discovered exit to Factory (range 12) 15597 | -5/Garrison | Phase Generator disabled 15697 | -5/Garrison | Expanded RIF knowledge: Signal Jamming 15789 | -5/Garrison | Triggered checkpoint 15884 | -5/Garrison | Discovered exit to Factory (range 67) 15884 | -5/Garrison | Discovered exit to Factory (range 57) 15884 | -5/Garrison | Discovered exit to Factory (range 32) 16239 | -5/Garrison | X0-1V1 activates XOMVISION 16245 | -5/Garrison | Entered Factory 16402 | -5/Factory | X0-1V1 mutated your Weapon slot to Utility slot 16545 | -5/Factory | First assault squad dispatched 16681 | -5/Factory | Build established: Scavenger-Mutant 16732 | -5/Factory | Identified exit to Upper Caves 16890 | -5/Factory | Lost 3 allies 16965 | -5/Factory | Entered Upper Caves 17101 | -5/Upper Caves | Spotted B-75 Beast 17180 | -5/Upper Caves | X0-1V1 mutated your Utility slot to Weapon slot 17216 | -5/Upper Caves | Identified exit to Upper Caves 17216 | -5/Upper Caves | X0-1V1 revealed exit location to -5/Upper Caves 17287 | -5/Upper Caves | A Derelict revealed a hidden shortcut to "reach the base" 17329 | -5/Upper Caves | Entered another Upper Caves area 17338 | -5/Upper Caves | Attracted the attention of an 0b10 checkpoint 17485 | -5/Upper Caves | Build established: Scavenger-Tank 17508 | -5/Upper Caves | Discovered new exit (range 12) 17550 | -5/Upper Caves | Learned Factory stockpile data 17567 | -5/Upper Caves | Entered Factory 17567 | -4/Factory | Evolved 2 slots: Propulsion x1, Weapon x1 17624 | -4/Factory | Identified exit to Garrison 17630 | -4/Factory | Garrison activated, responded to threat 17633 | -4/Factory | Entered Garrison 17647 | -4/Garrison | X0-1V1 activates XOMVISION 17921 | -4/Garrison | Triggered checkpoint 17925 | -4/Garrison | Triggered checkpoint 17929 | -4/Garrison | Spotted B-86 Titan 17932 | -4/Garrison | Assimilated Titan 7a with formatsys_high 17948 | -4/Garrison | Triggered checkpoint 17999 | -4/Garrison | Lost 5 parts (1p2n2u) 18007 | -4/Garrison | Destroyed 8 combat bots 18049 | -4/Garrison | Triggered checkpoint 18188 | -4/Garrison | Discovered new exit (range 10) 18422 | -4/Garrison | Identified exit to Research 18422 | -4/Garrison | X0-1V1 revealed exit location to -3/Research 18464 | -4/Garrison | Discovered exit to Research (range 14) 18599 | -4/Garrison | Triggered checkpoint 18680 | -4/Garrison | X0-1V1 sent hostile Thug (x3) 18718 | -4/Garrison | Garrison Relay disabled 18856 | -4/Garrison | System corruption reached 10% 18913 | -4/Garrison | Triggered checkpoint 18955 | -4/Garrison | Garrison Relay disabled 19002 | -4/Garrison | Expanded RIF knowledge: Autoassimilate 19088 | -4/Garrison | X0-1V1 mutated your Utility slot to Weapon slot 19282 | -4/Garrison | Entered Research 19282 | -3/Research | Evolved 2 slots: Propulsion x1, Utility x1 19365 | -3/Research | Enh. Armored Medium Treads reconfigured into Item Mimic 19374 | -3/Research | X0-1V1 sent allied H-81 Overseer (x1) 19434 | -3/Research | X0-1V1 sent you to a vault 20102 | -3/Research | Garrison activated, responded to threat 20119 | -3/Research | Master 8b assimilated hostile S-43 Plague 20180 | -3/Research | Spotted B-86 Titan 20211 | -3/Research | Found Quantum Capacitor 20292 | -3/Research | Discovered new exit (range 5) 20328 | -3/Research | Identified exit to Quarantine 20328 | -3/Research | X0-1V1 revealed exit location to -3/Quarantine 20352 | -3/Research | Found Prototype Hackware 20407 | -3/Research | Entered Quarantine 20407 | -3/Quarantine | Accompanied by 3 allies 20422 | -3/Quarantine | Found Alien Energy Cannon 20448 | -3/Quarantine | Cryocooling Duct disabled 20463 | -3/Quarantine | Ambient heat levels rising (+20) 20463 | -3/Quarantine | Non-combat units ordered to evacuate 20488 | -3/Quarantine | Found Alien Artifact 20521 | -3/Quarantine | Master 8c assimilated hostile H-77 Assassin 20610 | -3/Quarantine | X0-1V1 sent you to a vault 20636 | -3/Quarantine | Identified exit to Section 7 20636 | -3/Quarantine | X0-1V1 revealed exit location to -3/Section 7 20657 | -3/Quarantine | X0-1V1 announced a LAN party 20683 | -3/Quarantine | Found Alien Artifact 20684 | -3/Quarantine | Identified Dimensional Node Initializer 20684 | -3/Quarantine | Initialized slip node 20692 | -3/Quarantine | Found Dimensional Node Initializer 20702 | -3/Quarantine | Found Alien Artifact 20761 | -3/Quarantine | Found Alien Impact Weapon 20815 | -3/Quarantine | Lost 3 allies 20846 | -3/Quarantine | X0-1V1 activates XOMVISION 21114 | -3/Quarantine | Identified Core Stripper 21115 | -3/Quarantine | Identified exit to Research 21115 | -3/Quarantine | X0-1V1 revealed exit location to -2/Research 21129 | -3/Quarantine | Spotted Fortress 21139 | -3/Quarantine | Destroyed Fortress 21155 | -3/Quarantine | Found Prototype Protection 21155 | -3/Quarantine | Identified Centrium Heavy Armor Plating 21167 | -3/Quarantine | Found Prototype Device 21167 | -3/Quarantine | Identified Thermal Barrier 21197 | -3/Quarantine | Found Prototype Device 21197 | -3/Quarantine | Identified Exp. Force Field 21202 | -3/Quarantine | Found Prototype Device 21202 | -3/Quarantine | Identified Exp. EM Shield 21332 | -3/Quarantine | Discovered new exit (range 7) 21341 | -3/Quarantine | Entered Protoforge 21491 | -3/Protoforge | Initialized slip node 21532 | -3/Protoforge | Discovered exit to Research (range 12) 21540 | -3/Protoforge | Superfortress began startup sequence 21746 | -3/Protoforge | X0-1V1 added 0b10 threat records associated with you (minor) 21755 | -3/Protoforge | Crushed by falling debris 21756 | -3/Protoforge | System corruption reached 10% 21761 | -3/Protoforge | Spotted Hotshot 21761 | -3/Protoforge | Spotted Hotshot 21761 | -3/Protoforge | Spotted Hotshot 21761 | -3/Protoforge | Spotted Hotshot 21761 | -3/Protoforge | Spotted Hotshot 21780 | -3/Protoforge | X0-1V1 activates XOMVISION 21791 | -3/Protoforge | Destroyed Hotshot 21794 | -3/Protoforge | Destroyed Hotshot 21798 | -3/Protoforge | Destroyed Hotshot 21804 | -3/Protoforge | Destroyed Hotshot 21808 | -3/Protoforge | Spotted Hotshot 21816 | -3/Protoforge | Spotted Hotshot 21818 | -3/Protoforge | Spotted Hotshot 21820 | -3/Protoforge | Spotted Hotshot 21821 | -3/Protoforge | Spotted Hotshot 21826 | -3/Protoforge | Found Vortex Chain Reactor 21833 | -3/Protoforge | Destroyed Hotshot 21837 | -3/Protoforge | Destroyed Hotshot 21846 | -3/Protoforge | Destroyed Hotshot 21847 | -3/Protoforge | Build established: Mutant 21850 | -3/Protoforge | Destroyed Hotshot 21896 | -3/Protoforge | Destroyed Hotshot 21923 | -3/Protoforge | Destroyed Hotshot 21934 | -3/Protoforge | Spotted Hotshot 21935 | -3/Protoforge | Spotted Hotshot 21939 | -3/Protoforge | Spotted Hotshot 21941 | -3/Protoforge | Destroyed Hotshot 21942 | -3/Protoforge | X0-1V1 downgraded hostiles (x1) 21943 | -3/Protoforge | Destroyed Hotshot 21946 | -3/Protoforge | Spotted Hotshot 21950 | -3/Protoforge | Destroyed Hotshot 21957 | -3/Protoforge | Spotted Hotshot 21957 | -3/Protoforge | Spotted Hotshot 21957 | -3/Protoforge | Spotted Hotshot 21957 | -3/Protoforge | Spotted Hotshot 21957 | -3/Protoforge | X0-1V1 whisked you away to safety 22091 | -3/Protoforge | First assault squad dispatched 22156 | -3/Protoforge | Spotted Immortal 22158 | -3/Protoforge | Spotted Immortal 22169 | -3/Protoforge | Destroyed Immortal 22172 | -3/Protoforge | Destroyed Immortal 22182 | -3/Protoforge | Spotted Decapitator 22182 | -3/Protoforge | Spotted Decapitator 22182 | -3/Protoforge | Spotted Decapitator 22182 | -3/Protoforge | Spotted Decapitator 22195 | -3/Protoforge | Found Corrupted Prototype Piercing Weapon 22200 | -3/Protoforge | System corruption reached 30% 22202 | -3/Protoforge | Found Corrupted Prototype Device 22206 | -3/Protoforge | Found Corrupted Prototype Device 22209 | -3/Protoforge | Identified Exp. Jetlance 22303 | -3/Protoforge | Destroyed Decapitator 22305 | -3/Protoforge | Destroyed Decapitator 22309 | -3/Protoforge | Destroyed Decapitator 22309 | -3/Protoforge | Destroyed Decapitator 22442 | -3/Protoforge | Spotted V168-t 22442 | -3/Protoforge | Spotted V671-b 22442 | -3/Protoforge | X0-1V1 sent you into danger 22466 | -3/Protoforge | Destroyed V168-t 22476 | -3/Protoforge | Found Corrupted Adv. Powered Armor 22495 | -3/Protoforge | Build established: Scavenger-Mutant 22645 | -3/Protoforge | X0-1V1 sent you to a vault 22673 | -3/Protoforge | Found Prototype Processor 22673 | -3/Protoforge | Identified Exp. Armor Integrity Analyzer 22677 | -3/Protoforge | Found Prototype Launcher 22677 | -3/Protoforge | Identified Tactical Quantum Warhead 22838 | -3/Protoforge | Destroyed Hotshot 22884 | -3/Protoforge | Destroyed Hotshot 22888 | -3/Protoforge | Destroyed Hotshot 22892 | -3/Protoforge | Destroyed Hotshot 22897 | -3/Protoforge | Destroyed Hotshot 22921 | -3/Protoforge | Destroyed 8 combat bots 23034 | -3/Protoforge | Identified Terrabomb 23034 | -3/Protoforge | Used Terrabomb 23034 | -3/Protoforge | Additional patrols dispatched to research labs 23113 | -3/Protoforge | Found Prototype Storage 23113 | -3/Protoforge | Identified Cep. Antigrav Storage Unit 23117 | -3/Protoforge | Found Prototype Storage 23117 | -3/Protoforge | Identified Cep. Chromion Battery 23281 | -3/Protoforge | Spotted Decapitator 23284 | -3/Protoforge | Spotted Decapitator 23284 | -3/Protoforge | Spotted Decapitator 23286 | -3/Protoforge | Spotted Decapitator 23289 | -3/Protoforge | Destroyed Decapitator 23289 | -3/Protoforge | Destroyed Decapitator 23289 | -3/Protoforge | Destroyed Decapitator 23291 | -3/Protoforge | Destroyed Decapitator 23341 | -3/Protoforge | Found Prototype Device 23342 | -3/Protoforge | Identified Cep. Weapon Articulator 23347 | -3/Protoforge | Found Prototype Device 23347 | -3/Protoforge | Identified Exp. Force Booster 23351 | -3/Protoforge | Found Prototype Device 23351 | -3/Protoforge | Identified Cep. Networked Targeting System 23359 | -3/Protoforge | Found Faulty Cep. Networked Targeting System 23603 | -3/Protoforge | Found Prototype Protection 23603 | -3/Protoforge | Identified Cep. RG22 Armor 23604 | -3/Protoforge | Identified Cep. Antimissile System (x2) 23614 | -3/Protoforge | Found Prototype Device 23615 | -3/Protoforge | Identified Exp. EM Disruption Field 23620 | -3/Protoforge | Found Prototype Device 23621 | -3/Protoforge | Identified Cep. Beam Splitter 23628 | -3/Protoforge | Found Prototype Device 23629 | -3/Protoforge | Identified Cep. Hardlight Director 23649 | -3/Protoforge | Found Prototype Device 23650 | -3/Protoforge | Identified Cep. Phase Shift Module 23673 | -3/Protoforge | Found Prototype Device 23673 | -3/Protoforge | Identified Exp. Remote Shield 23692 | -3/Protoforge | Core integrity restored by X0-1V1 (+297) 23701 | -3/Protoforge | Found Cep. Beam Splitter 23771 | -3/Protoforge | Identified Transdimensional Reconstructor 23771 | -3/Protoforge | Forge Plexus network access discovered 23881 | -3/Protoforge | Spotted V571-s 23889 | -3/Protoforge | Found Cep. Plasma Driver 23892 | -3/Protoforge | Found Cep. Miniperforator 23897 | -3/Protoforge | Found Faulty Cep. Plasma Driver 23902 | -3/Protoforge | X0-1V1 activates XOMVISION 23935 | -3/Protoforge | Found Cep. Plasma Driver 24101 | -3/Protoforge | X0-1V1 vaporized surrounding terrain (radius 15) 24120 | -3/Protoforge | Destroyed AP7-3 24127 | -3/Protoforge | Destroyed AP7-3 24194 | -3/Protoforge | Found Cld. Directed Potential Cannon 24198 | -3/Protoforge | Found Cep. Core Analysis Suite 24204 | -3/Protoforge | Found Cep. Core Analysis Suite 24207 | -3/Protoforge | Found Cep. Impact Drone Bay 24212 | -3/Protoforge | Found Cep. Cloak Mesh 24392 | -3/Protoforge | Found Transdimensional Reconstructor 24483 | -3/Protoforge | Build established: Scavenger-Gunner 24564 | -3/Protoforge | Found Exp. Jetlance 24683 | -3/Protoforge | Found Femtoactuators 24767 | -3/Protoforge | X0-1V1 announced a LAN party 24811 | -3/Protoforge | Spotted V408-n 24819 | -3/Protoforge | Found Cep. Arcsight Missile Launcher 24976 | -3/Protoforge | Spotted Decapitator 24976 | -3/Protoforge | Spotted Decapitator 24976 | -3/Protoforge | Spotted V620-j 24976 | -3/Protoforge | Spotted V101-d 24979 | -3/Protoforge | Spotted Decapitator 24982 | -3/Protoforge | Destroyed Decapitator 24984 | -3/Protoforge | Destroyed Decapitator 24986 | -3/Protoforge | Destroyed Decapitator 25007 | -3/Protoforge | Scanned by Researcher 25013 | -3/Protoforge | Lost 3 parts (1p1n1u) 25059 | -3/Protoforge | Destroyed V620-j 25093 | -3/Protoforge | Destroyed V101-d 25297 | -3/Protoforge | Found Crosscalibrator 25381 | -3/Protoforge | Found Cep. Zero-point Core 25483 | -3/Protoforge | X0-1V1 added 0b10 threat records associated with you (minor) 25572 | -3/Protoforge | Found Faulty Cep. Matter Streamer 25579 | -3/Protoforge | Found Faulty Cep. Matter Streamer 25603 | -3/Protoforge | X0-1V1 sent hostile Thug (x2) 25724 | -3/Protoforge | X0-1V1 activates XOMVISION 25894 | -3/Protoforge | High security lockdown imminent 25938 | -3/Protoforge | Destroyed 14 combat bots 25974 | -3/Protoforge | High security lockdown engaged 26131 | -3/Protoforge | Build established: Tank 26202 | -3/Protoforge | Found Cep. Thermoelectric Network 26269 | -3/Protoforge | Warped through subspace to slip node 26331 | -3/Protoforge | Entered Research 26331 | -2/Research | Evolved 2 slots: Power x1, Utility x1 26334 | -2/Research | Identified exit to Access 26334 | -2/Research | X0-1V1 revealed exit location to -1/Access 26577 | -2/Research | X0-1V1 activates XOMVISION 26579 | -2/Research | X0-1V1 sent you to a vault 26581 | -2/Research | First assault squad dispatched 26672 | -2/Research | X0-1V1 redirected Transport squads to designated parking area 26713 | -2/Research | Lost 3 allies 26919 | -2/Research | Destroyed 9 combat bots 27023 | -2/Research | Found Gamma Bomb Array 27026 | -2/Research | Found Quantum Capacitor 27054 | -2/Research | High security lockdown imminent 27134 | -2/Research | High security lockdown engaged 27235 | -2/Research | Found Fusion Bomb Launcher 27288 | -2/Research | Garrison activated, responded to threat 27345 | -2/Research | Destroyed 16 combat bots 27494 | -2/Research | Spotted Investigator 27496 | -2/Research | X0-1V1 sent allied Guerrilla (x2) 27501 | -2/Research | Destroyed Investigator 27522 | -2/Research | Spotted Executioner 27535 | -2/Research | Allies destroyed Executioner 27560 | -2/Research | Destroyed 48 combat bots 27579 | -2/Research | X0-1V1 sent allied B-99 Colossus (x1) 27609 | -2/Research | Spotted Striker 27610 | -2/Research | Destroyed Striker 27625 | -2/Research | Spotted Striker 27625 | -2/Research | Garrison activated, responded to threat 27627 | -2/Research | Spotted Striker 27627 | -2/Research | Spotted Striker 27627 | -2/Research | Destroyed Striker 27633 | -2/Research | Destroyed Striker 27638 | -2/Research | Allies destroyed Striker 27665 | -2/Research | Destroyed 13 combat bots 27701 | -2/Research | Spotted B-99 Colossus 27703 | -2/Research | Spotted Striker 27703 | -2/Research | Spotted Investigator 27707 | -2/Research | Destroyed Investigator 27709 | -2/Research | System corruption reached 10% 27727 | -2/Research | Destroyed B-99 Colossus 27733 | -2/Research | Destroyed Striker 27758 | -2/Research | Lost 8 parts (2p2u4w) 27760 | -2/Research | Destroyed 14 combat bots 27891 | -2/Research | X0-1V1 activates XOMVISION 27894 | -2/Research | Spotted Striker 27902 | -2/Research | Destroyed Striker 27923 | -2/Research | Destroyed 13 combat bots 27934 | -2/Research | Spotted Striker 27949 | -2/Research | Destroyed Striker 27959 | -2/Research | Garrison activated, responded to threat 27960 | -2/Research | Spotted Executioner 27971 | -2/Research | X0-1V1 sent allied P-80 Master (x4) 27971 | -2/Research | Spotted Striker 27975 | -2/Research | Build established: Gunner 27984 | -2/Research | Destroyed 8 combat bots 27990 | -2/Research | Destroyed Striker 28004 | -2/Research | Destroyed Executioner 28012 | -2/Research | Spotted Executioner 28025 | -2/Research | Destroyed Executioner 28051 | -2/Research | Destroyed 14 combat bots 28053 | -2/Research | Lost 9 parts (2p2n1u4w) 28168 | -2/Research | Identified exit to Testing 28168 | -2/Research | X0-1V1 revealed exit location to -2/Testing 28170 | -2/Research | Spotted Executioner 28180 | -2/Research | Core integrity fell below 50% 28201 | -2/Research | Destroyed 11 combat bots 28211 | -2/Research | Core integrity fell below 20% 28212 | -2/Research | Warped through subspace 28213 | -2/Research | Released all parts (7) 28214 | -2/Research | X0-1V1 rescued you from certain death 28234 | -2/Research | Spotted B-90 Cyclops 28243 | -2/Research | Lost 12 parts (2p1n4u5w) 28260 | -2/Research | X0-1V1 activates XOMVISION 28272 | -2/Research | X0-1V1 whisked you away to safety 28278 | -2/Research | Entered Access 28278 | -1/Access | Evolved 2 slots: Propulsion x2 28305 | -1/Access | X0-1V1 sent you into danger 28307 | -1/Access | Spotted B-99 Colossus 28351 | -1/Access | X0-1V1 downgraded hostiles (x1) 28362 | -1/Access | Weapon slot count temporarily expanded by X0-1V1 (+1) 28371 | -1/Access | X0-1V1 sent allied Mutant (x5) 28382 | -1/Access | X0-1V1 sent you to a vault 28395 | -1/Access | High security lockdown imminent 28403 | -1/Access | Found Prototype Device 28403 | -1/Access | Identified Active Sensor Suite 28475 | -1/Access | High security lockdown engaged 28479 | -1/Access | X0-1V1 destroyed Energy Cycler 28479 | -1/Access | Energy Cycler disabled 28494 | -1/Access | Build established: Mutant 28501 | -1/Access | Identified exit to Command 28501 | -1/Access | X0-1V1 revealed exit location to -1/Command 28539 | -1/Access | Discovered new exit (range 6) 28558 | -1/Access | X0-1V1 enhanced Transport squad support 28578 | -1/Access | Found Prototype Processor 28578 | -1/Access | Identified Exp. Signal Interpreter 28594 | *** | Escaped! Last Messages --------------- 28582_ Chaos-jacking K-01 Serf... 28582_ K-01 Serf system unaffected. 28582_ K-01 Serf collects debris. 28584_ H-88 Terminator reactivates. 28584_ Slug penetrates Sealed Heavy Doors. 28584_ Penetrated by Slug. 28584_ Slug penetrates Sealed Heavy Doors. 28584_ Penetrated by HV Slug. 28587_ Acquired 29 matter. 28587_ K-01 Serf collects debris. 28587_ Penetrated by Slug. 28587_ Penetrated by HV Slug. 28587_ HV Slug penetrates Terminal. 28587_ HV Slug penetrates Reinforced Barrier. 28588_ Chaos-jacking H-88 Terminator... Initiating full reboot, ETC: 22. 28590_ K-01 Serf collects debris. 28591_ Exp. Jetlance destroyed. 28591_ Chaos-jacking G-73 Enforcer... Form resolidifies at new position. Map ----- +----------------------------------------------------+ | ## # = " #??# """ #???????????????????? | | ## # #??# " #???????????????????? | | ## # #??# #???????????????????? | | #? ??? ????# #???????????????????? | | ####+#+######+####### #???????????????????? | | ## #???????????????????? | | ## [ #???????????????????? | | ################# ##==] #???????????????????? | | ??????????????# #?=]] #???????????????????? | | ????????????# #??? #???????????????????? | | ??????????# #????? #????????? ?????????? | | ????????# ########+######+#### #????????? | | #??????# #????????? | | ######+###??????# #????????? | | ????????????????###################### #????????? | | ?????????????????????????????????????? +????????? | | ?????????????????????????????????????? #????????? | | ?????????????????????????????????????? #????????? | | ?????????????????????????????????????? #????????? | | ?????????????????????????????###?????? #????????? | | ????????????????????########## ####### #????????? | | ????????????????????" g #????????? | | ????????????????????" #????????? | | ????????????????????" ! #????????? | | ????????????????????" =%!#????????? | | ????????????????????" "@ ! hk#????????? | | ????????????????????" "" =!=#????????? | | ????????????????????" = = #????????? | | ????????????????????" /*%! #????????? | | ????????????????????" """ """ #????????? | | ????????????????????" """T""" #????????? | | ????????????????????########## ####### #????????? | | ?????????????????????????????###?????? #????????? | | ?????????????????????????????????????? #????????? | | ?????????????????????????????????????? #????????? | | ?????????????????????????????????????? #????????? | | ?????????????????????????????????????? +????????? | | ?????????????????????????????????????? #????????? | | ?????????????????????????????????????? #????????? | | ??????????????????????????????????????? #????????? | | ???????????????????????????????????????##????????? | | ?????????????????????????????????????????????????? | | ?????????????????????????????????????????????????? | | ?????????????????????????????????????????????????? | | ?????????????????????????????????????????????????? | | ?????????????????????????????????????????????????? | | ?????????????????????????????????????????????????? | | ?????????????????????????????????????????????????? | | ?????????????????????????????????????????????????? | | ?????????????????????????????????????????????????? | +----------------------------------------------------+ Best States ------------- Heat Dissipation 193 Coolant Potential 100 Energy Generation 79 Energy Capacity 2780 Matter Stores 1000 Matter Capacity 1150 Sight Range 22 Robot Scan Range 20 Terrain Scan Range 16 Terrain Scan Density 10 Cloak Strength 6 Corruption Block 13 Armor Coverage 1200 Resistance: KI 48 Resistance: TH 75 Resistance: EM 75 Propulsion Shielding 90 Weapon Shielding 90 Point Defense Rating 480 Weapon Cycling 15 Evasion (%) 53 Targeting Accuracy 8 Core Analysis 11 Armor Integrity Analysis 50 Recoil Reduction 6 Kinecelleration 30 Salvage Targeting 3 Offensive Hacking 12 Relay Coupler Types 1 Relay Coupler Value 86 Item Schematics ----------------- Exp. Optical Array | -3/Protoforge | Archive Neutron Cannon | -3/Protoforge | Archive Robot Schematics ------------------ K-01 Serf | -3/Protoforge | Archive R-06 Scavenger | -3/Protoforge | Archive Fabricated ------------ Nothing Repaired ---------- Nothing Studied --------- Lgt. Treads | -8/Materials | Hacked Com. Wheel | -8/Materials | Hacked Gatling Laser | -6/Factory | Hacked Alien Tech Used ----------------- Dimensional Node Initializer Core Stripper Terrabomb Transdimensional Reconstructor Achievements -------------- Factory Defaults May I Have Another? Challenges ------------ None Game ------ Seed ZhirovElectronRegenerator Manual? 0 Play Time 06:04:14 Cumulative 512.9 hours Start 2026.07.19 @ 00:02:25 End 2026.07.19 @ 17:55:23 Sessions 3 Manual Loads 0 Difficulty Rogue Special Mode None Game No. 215 Rogue 215 Adventurer 0 Explorer 0 Win Type 0 Total 41 Types 4/9/15/0/0/1/9/0/1/2 Lore% 86 Gallery% 73 Achievement% 71 Wizard Run 0 Options --------- Layout 1 ASCII 0 Keyboard 0 Movement Arrows Keybinds 0 Fullscreen 2 Font 24/Terminus Map View 50x35 Zoom Use 0% Tactical HUD 1 Map Filters NONE Filters NONE Steam 1 RUN: 7956a764-3c27-4b93-9bec-59a3c254be34